 Dungeon Crawl Stone Soup version 0.31-a0-851-g7ff8af7976 (webtiles) character file.

Game seed: 12387869379792925705

718974 Lugonue the Archmage (level 27, -13/210 HPs)
             Began as a Tengu Venom Mage on Oct 1, 2023.
             Was the Champion of Zin.
             Killed by a royal mummy's death curse (17 damage)
             ... on level 1 of the Tomb of the Ancients on Oct 6, 2023.
             The game lasted 10:10:02 (90678 turns).

Lugonue the Archmage (Tengu Venom Mage)            Turns: 90678, Time: 10:10:03

Health: -13/210    AC: 29    Str: 16 (21) XL:     27
Magic:  1/55       EV: 17    Int: 16 (28) God:    Zin [******]
Gold:   781        SH: 22    Dex: 15 (21) Spells: 12/80 levels left

rFire   + + +        a - +8 trident (protect)
rCold   x . .        G - +0 kite shield of the Turtledove {rC+ rCorr Str+4}
rNeg    . . .        f - +6 storm dragon scales
rPois   .            W - +1 hat {Stlth+}
rElec   +            h - scarf {rC+ rF+}
rCorr   +            B - +0 pair of fencer's gloves {Riposte Dex+3}
SInv    .            (boots unavailable)
Will    +++..        p - amulet "Celoleseti" {Reflect Int+3 SH+5}
Stlth   ++           K - ring of Haet {Fire rCorr Str+2 Int+3}
HPRegen 0.55/turn    q - ring of the Several Tales {Fire +Blink rCorr Slay+3 Stlth+}
MPRegen 0.34/turn

%: reflection, acrobat
@: marked, flying, slowed, studying Staves, very slow
A: beak, talons 3, evasive flight, acrobatic, large bone plates 2, thin skeletal
structure 1, deterioration 1, strong-willed 1, robust 2, shaggy fur 2, evolution
2, cold vulnerability 1, noise suppression
}: 5/15 runes: serpentine, barnacled, slimy, silver, abyssal
a: Renounce Religion, Evoke Blink, Recite, Vitalisation, Imprison, Sanctuary,
Donate Gold


You were on level 1 of the Tomb of the Ancients.
You worshipped Zin.
Zin was exalted by your worship.
You visited 15 branches of the dungeon, and saw 68 of its levels.
You visited the Abyss 2 times.
You also visited: Sewer, Wizlab and Desolation.

You collected 8101 gold pieces.
You spent 6092 gold pieces at shops.
You donated 1228 gold pieces to Zin.

Inventory:

Hand Weapons
 a - a +8 trident of protection (weapon)
 u - the +7 spear of the Lost Beggars {freeze, +Blink rN++ Str-4 Int+3}
   (You found it on level 14 of the Dungeon)

   Str-4:     It affects your strength (-4).
   Int+3:     It affects your intelligence (+3).
   rN++:      It greatly protects you from negative energy.
   +Blink:    It lets you blink.
Armour
 f - +6 storm dragon scales (worn)
 h - a scarf of resistance (worn)
 B - the +0 pair of fencer's gloves (worn) {Riposte Dex+3}
   (You found it on level 3 of the Elven Halls)

   Riposte:   It allows the wearer to riposte with melee weapons, swiftly
   retaliating against missed or blocked melee attacks.
   Dex+3:     It affects your dexterity (+3).
 G - the +0 kite shield of the Turtledove (worn) {rC+ rCorr Str+4}
   (You bought it in a shop on level 1 of the Vaults)

   Str+4:     It affects your strength (+4).
   rC+:       It protects you from cold.
   rCorr:     It protects you from acid and corrosion.
 W - a +1 hat of stealth (worn)
Magical Staves
 b - a staff of air
Jewellery
 o - the ring of Ynaowk {rF+ AC+4 Dex+4}
   (You took it off a deep elf elementalist on level 3 of the Elven Halls)

   [ring of protection]

   AC+4:      It affects your AC (+4).
   Dex+4:     It affects your dexterity (+4).
   rF+:       It protects you from fire.
 p - the amulet "Celoleseti" (around neck) {Reflect Int+3 SH+5}
   (You bought it in a shop on level 3 of the Snake Pit)

   [amulet of reflection]

   Reflect:   It reflects blocked missile attacks.
   Int+3:     It affects your intelligence (+3).
   SH+5:      It affects your SH (+5).
 q - the ring of the Several Tales (right hand) {Fire +Blink rCorr Slay+3 Stlth+}
   (You took it off an ironbound thunderhulk in a wizard's laboratory)

   [ring of fire]

   Fire:      It enhances your fire magic.
   Slay+3:    It affects your accuracy & damage with ranged weapons and melee
   (+3).
   rF+:       It protects you from fire.
   rC-:       It makes you vulnerable to cold.
   +Blink:    It lets you blink.
   rCorr:     It protects you from acid and corrosion.
   Stlth+:    It makes you more stealthy.
 E - the ring "Fopsynuc" {rF+ Will+ Str-5 Dex+2}
   (You took it off a merfolk on level 2 of the Shoals)

   [ring of protection from fire]

   Str-5:     It affects your strength (-5).
   Dex+2:     It affects your dexterity (+2).
   rF+:       It protects you from fire.
   Will+:     It increases your willpower.
 H - the ring of the Curupira {Fire Str+3 Int+3}
   (You found it in a wizard's laboratory)

   [ring of fire]

   Fire:      It enhances your fire magic.
   Str+3:     It affects your strength (+3).
   Int+3:     It affects your intelligence (+3).
   rF+:       It protects you from fire.
   rC-:       It makes you vulnerable to cold.
 K - the ring of Haet (left hand) {Fire rCorr Str+2 Int+3}
   (You found it in a wizard's laboratory)

   [ring of fire]

   Fire:      It enhances your fire magic.
   Str+2:     It affects your strength (+2).
   Int+3:     It affects your intelligence (+3).
   rF+:       It protects you from fire.
   rC-:       It makes you vulnerable to cold.
   rCorr:     It protects you from acid and corrosion.
 R - the ring "Qoagea Acon" {MP+9 AC+4 Str+4}
   (You took it off a deep elf annihilator on level 3 of the Elven Halls)

   [ring of protection]

   AC+4:      It affects your AC (+4).
   Str+4:     It affects your strength (+4).
   MP+9:      It affects your magic capacity (+9).
 S - the ring "Huv Qiaw" {rF+ rN+ MP+9 Dex+6}
   (You acquired it on level 5 of the Vaults)

   [ring of dexterity]

   Dex+6:     It affects your dexterity (+6).
   rF+:       It protects you from fire.
   rN+:       It protects you from negative energy.
   MP+9:      It affects your magic capacity (+9).
 U - the amulet of the Four Winds {rN+ Will+++ Clar}
   (You found it on level 3 of the Crypt)

   [amulet of nothing]

   rN+:       It protects you from negative energy.
   Will+++:   It greatly increases your willpower.
   Clar:      It protects you from confusion, rage, mesmerisation and fear.
 Z - the ring of Lijuxaz {rPois rC+ Will+ Str+4}
   (You took it off a deep elf death mage on level 5 of the Vaults)

   [ring of willpower]

   Str+4:     It affects your strength (+4).
   rC+:       It protects you from cold.
   rPois:     It protects you from poison Will+: It increases your willpower.
Wands
 e - a wand of digging (18)
 j - a wand of paralysis (65)
 w - a wand of iceblast (55)
 M - a wand of flame (49)
 O - a wand of acid (5)
 T - a wand of mindburst (30)
Scrolls
 i - a scroll of fear
 l - 5 scrolls of immolation
 r - 5 scrolls of revelation
Potions
 s - 3 potions of brilliance
 t - a potion of enlightenment
 z - 3 potions of curing
 D - 2 potions of resistance
 J - 8 potions of might
 V - a potion of magic
 Y - a potion of haste


   Skills:
 * Level 18.4 Fighting
 - Level 0.6(4.0) Maces & Flails
 + Level 19.1(19.5) Polearms
 - Level 6.4(14.0) Staves
 * Level 19.3 Armour
 * Level 16.1 Dodging
 - Level 2.7 Stealth
 - Level 10.0 Shields
 - Level 0.1 Unarmed Combat
 O Level 27 Spellcasting
 - Level 15.6 Conjurations
 - Level 1.4 Transmutations
 + Level 22.9 Fire Magic
 - Level 19.0 Air Magic
 - Level 4.3 Poison Magic
 * Level 4.1 Invocations
 - Level 0.2 Evocations


You had 12 spell levels left.
You knew the following spells:

 Your Spells              Type           Power      Damage    Failure   Level
a - Ignition              Fire           59%        3d16      11%         8
b - Starburst             Conj/Fire      56%        6d15      1%          6
c - Orb of Destruction    Conj           32%        9d10      26%         7
d - Plasma Beam           Fire/Air       57%        2x1d73    1%          6
e - Airstrike             Air            35%        2d(5-21)  1%          4
f - Fireball              Conj/Fire      56%        3d22      1%          5
g - Conjure Ball Lightni  Conj/Air       33%        3x3d11    2%          6
h - Ignite Poison         Fire/Tmut/Pois 87%        N/A       1%          3
i - Olgreb's Toxic Radia  Pois           35%        N/A       32%         4
j - Silence               Hex/Air        25%        N/A       11%         5
k - Arcjolt               Conj/Air       33%        1d43      1%          5
l - Blink                 Tloc           42%        N/A       28%         2
m - Freezing Cloud        Conj/Ice/Air   27%        6-21      4%          5
n - Poisonous Vapours     Pois/Air       100%       N/A       1%          2

Your spell library contained the following spells:

 Spells                   Type           Power      Damage    Failure   Level
 Foxfire                  Conj/Fire      100%       2x1d9     0%          1
 Shock                    Conj/Air       100%       1d9       0%          1
 Magic Dart               Conj           100%       1d8       1%          1
 Cigotuvi's Dreadful Rot  Necr/Pois/Air  92%        N/A       1%          2
 Searing Ray              Conj           100%       2d8       1%          2
 Static Discharge         Conj/Air       100%       2-7/arc   1%          2
 Inner Flame              Hex/Fire       92%        N/A       1%          3
 Mephitic Cloud           Conj/Pois/Air  58%        N/A       1%          3
 Volatile Blastmotes      Fire/Tloc      100%       2d18      1%          3
 Flame Wave               Conj/Fire      100%       2d21      1%          4
 Sticky Flame             Conj/Fire      100%       2d11      1%          4
 Iskenderun's Battlesphe  Conj           64%        2d11      1%          5
 Dazzling Flash           Conj/Hex       92%        N/A       2%          3
 Hailstorm                Conj/Ice       46%        3d11      2%          3
 Stone Arrow              Conj/Erth      92%        3d12      2%          3
 Summon Lightning Spire   Summ/Air       51%        N/A       3%          4
 Sting                    Tmut/Pois      100%       1d8       6%          1
 Brom's Barrelling Bould  Conj/Erth      46%        2d6       8%          4
 Fulminant Prism          Conj/Hex       23%        3d12      8%          4
 Iskenderun's Mystic Bla  Conj/Tloc      46%        2d10      8%          4
 Wereblood                Tmut           26%        N/A       16%         2
 Irradiate                Conj/Tmut      24%        3d19      16%         5
 Apportation              Tloc           42%        N/A       19%         1
 Freeze                   Ice            84%        1d9       19%         1
 Sandblast                Erth           42%        2d11      19%         1
 Slow                     Hex            84%        N/A       19%         1
 Call Imp                 Summ           42%        N/A       28%         2
 Ensorcelled Hibernation  Hex/Ice        42%        N/A       28%         2
 Jinxbite                 Hex            42%        N/A       28%         2
 Sublimation of Blood     Necr           21%        N/A       28%         2
 Confusing Touch          Hex            21%        N/A       50%         3
 Frozen Ramparts          Ice            42%        1d7       50%         3
 Ozocubu's Armour         Ice            21%        N/A       50%         3
 Sigil of Binding         Hex            21%        N/A       50%         3
 Summon Guardian Golem    Hex/Summ       21%        N/A       50%         3
 Vampiric Draining        Necr           21%        2d7       50%         3
 Petrify                  Tmut/Erth      23%        N/A       82%         4
 Alistair's Intoxication  Tmut/Pois      20%        N/A       86%         5
 Animate Dead             Necr           21%        N/A       88%         4
 Leda's Liquefaction      Hex/Erth       10%        N/A       88%         4
 Manifold Assault         Tloc           21%        N/A       88%         4
 Passage of Golubria      Tloc           21%        N/A       88%         4
 Summon Ice Beast         Ice/Summ       21%        N/A       88%         4
 Agony                    Necr           21%        N/A       99%         5
 Borgnjor's Vile Clutch   Necr/Erth      10%        N/A       99%         5
 Lee's Rapid Deconstruct  Erth           10%        3d8*      99%         5
 Metabolic Englaciation   Hex/Ice        10%        N/A       99%         5
 Death Channel            Necr           10%        N/A       100%        6
 Dispersal                Tloc           10%        N/A       100%        6
 Simulacrum               Ice/Necr       10%        N/A       100%        6
 Haunt                    Necr/Summ      10%        N/A       100%        7
 Malign Gateway           Summ/Tloc      10%        N/A       100%        7
 Ozocubu's Refrigeration  Ice            10%        4d9       100%        7
 Spellforged Servitor     Conj/Summ      23%        N/A       100%        7
 Summon Hydra             Summ           10%        N/A       100%        7
 Borgnjor's Revivificati  Necr           10%        N/A       100%        8
 Disjunction              Tloc           10%        N/A       100%        8
 Lehudib's Crystal Spear  Conj/Erth      23%        10d6      100%        8
 Death's Door             Necr           10%        N/A       100%        9
 Polar Vortex             Ice            10%        12d1*     100%        9
 Shatter                  Erth           10%        3d12*     100%        9


Dungeon Overview and Level Annotations

Branches:
Dungeon (15/15)            Temple (0/1) D:4            Lair (5/5) D:9
 Shoals (4/4) Lair:3        Snake (4/4) Lair:3        Slime (5/5) Lair:5
    Orc (2/2) D:9             Elf (3/3) Orc:2        Vaults (5/5) D:14
  Crypt (3/3) Vaults:2       Tomb (2/3) Crypt:3      Depths (4/4) D:15
   Hell (visited)             Dis (0/7) Hell            Geh (7/7) Hell
    Coc (0/7) Hell            Tar (3/7) Hell            Zot (5/5) Depths:4
  Sewer (visited)          WizLab (visited)         Desolation (visited)

Altars:
Ashenzari
Cheibriados
Dithmenos
Fedhas
Gozag
Nemelex Xobeh
Okawaru
Qazlal
Ru
Sif Muna
Trog
Wu Jian
Xom
Yredelemnul
Zin
The Shining One
Jiyva
Lugonu

Shops:
D:1 =   D:5 *:(   Orc:2 :[!*   Shoals:3 *   Snake:1 ==:   Snake:2 (
Snake:3 :=   Vaults:1 [   Vaults:2 ?   Vaults:3 *   Depths:1 :

Portals:
Hell: Depths:1 Depths:2 Depths:3 Depths:4
Abyss: Lair:5 Crypt:1 Depths:1 Depths:3
Pandemonium: Depths:2 Depths:4
Ziggurat: Depths:4

Annotations:
D:7 2 transporters, AceOff's ghost, novice OpSh
Snake:2 Roxanne
Elf:2 3 runed translucent doors
Vaults:1 Gith's ghost, veteran MeFi
Zot:4 2 transporters


Innate Abilities, Weirdness & Mutations

You have a beak for a mouth.
You have claws for feet.
Your magical flight helps you evade attacks. (EV +4)
You can magically evade attacks while moving or waiting.
You are mostly covered in large bone plates. (SH +6)
You have a somewhat thin skeletal structure. (Dex +2, Stealth+)
Your body sometimes deteriorates upon taking damage.
You are strong-willed. (Will+)
You are very robust. (+20% HP)
You are covered in thick fur. (AC +2)
You have great hidden genetic potential.
You are vulnerable to cold. (rC-)
You passively dampen the noise of your surroundings.


Message History

The emperor scorpion is lightly wounded.
The fireball engulfs the emperor scorpion but does no damage.
The fireball engulfs the royal mummy!!
The royal mummy is almost destroyed.
The fireball engulfs the royal mummy!
The royal mummy is almost destroyed.
The fireball engulfs the royal mummy!
The royal mummy is almost destroyed.
The fireball engulfs the royal mummy!
The royal mummy is almost destroyed.
The fireball engulfs the royal mummy!
The royal mummy is almost destroyed.
The fireball engulfs the emperor scorpion!
The emperor scorpion is severely wounded.
The fireball engulfs the royal mummy.
You destroy the royal mummy!
Zin accepts your kill.
The emperor scorpion disappears in a puff of smoke! x5
The fireball engulfs the royal mummy!!
You destroy the royal mummy!
Zin accepts your kill.
The fireball engulfs the royal mummy!!
The royal mummy is almost destroyed.
The fireball engulfs the royal mummy!!
The royal mummy is almost destroyed.
The fireball engulfs the royal mummy!
You destroy the royal mummy!
Zin accepts your kill.
The fireball engulfs the royal mummy!!
You destroy the royal mummy!
Zin accepts your kill.
The fireball engulfs the royal mummy!!
You destroy the royal mummy!
Zin accepts your kill.
You feel extremely nervous for a moment...
Your body is wracked with pain!
* * * LOW HITPOINT WARNING * * *
You feel extremely nervous for a moment...
Pain shoots through your body!
You die...

.+####.8..)8.# ' #..
....##.......# .§§..# #..
....##.......# §....# #..
..####.8...8.# §..... #..
....##.......# ...^.# #..
....##.......# §..M #..
.+####.8...8.####'. #.. .#
#.......##..# #.. .#
#.......##§@# #.. ##
#.8...8.##### #..
######.......##################..
.................................
.......8...8.....................
.................................
.................................
.................................
........⌠.⌠......................


There were no monsters in sight!

Vanquished Creatures
  the Royal Jelly (Slime:5)
  A dread lich (Tar:2)
  4 ancient liches
  An orb of fire (Zot:3)
  14 royal mummies
  Sojobo (Crypt:1)
  Boris (twice) (Depths:4 Tomb:2)
  Margery (Vaults:3)
  A curse toe (Zot:3)
  Geryon (Hell)
  6 golden dragons
  Vashnia (Snake:2)
  A profane servitor (Tar:2)
  Norris (Vaults:3)
  The ghost of Qotsoore the Warrior, an adept DsFi of Okawaru (Vaults:4)
  4 doom hounds
  Jory (Crypt:3)
  4 Brimstone Fiends
  4 bone dragons
  2 electric golems
  A shard shrike zombie (Crypt:3)
  14 tentacled monstrosities
  6 hellephants
  2 spectral shard shrikes
  A Tzitzimitl (Zot:4)
  Zenata (Vaults:2)
  An Orb Guardian (Zot:4)
  2 deep elf blademasters (Elf:3)
  2 deep elf master archers (Elf:3)
  Mlioglotl (Shoals:1)
  4 liches
  A shard shrike skeleton (Abyss:4)
  A walking earthen tome (Depths:4)
  4 titans
  Grunn (Zot:4)
  7 quicksilver dragons
  10 searing wretches
  6 ancient champions
  Gastronok (D:10)
  12 sphinxes
  24 acid blobs
  Frances (Shoals:2)
  A kraken (Shoals:3)
  8 tentacled starspawn
  Kirke (Shoals:4)
  5 shadow dragons
  11 death cobs
  3 revenants
  15 storm dragons
  10 tengu reavers
  15 nagarajas
  Donald (Vaults:4)
  Aizul (Snake:2)
  5 draconian monks
  7 azure jellies
  7 draconian scorchers
  4 rockslimes
  21 fire giants
  24 vault wardens
  7 draconian knights
  11 balrugs
  2 iron dragons (Hell)
  4 spectral caustic shrikes (Depths:4)
  An imperial myrmidon (Desolation)
  An orc warlord (Vaults:1)
  3 curse skulls
  7 deep elf sorcerers
  13 frost giants
  2 deep elf elementalists (Elf:3)
  5 draconian shifters
  A caustic shrike zombie (Crypt:3)
  4 spriggan defenders
  A cacodemon (Depths:1)
  22 ironbound preservers
  An angel (WizLab)
  4 draconian stormcallers
  A caustic shrike skeleton (Depths:2)
  A formless jellyfish (Slime:5)
  A juggernaut skeleton (Abyss:1)
  4 war gargoyles
  3 quicksilver oozes
  11 ironbound thunderhulks
  The ghost of RandomKimchi the Unseen, an adept SpCj of Dithmenos (Shoals:2)
  6 ghouls
  The ghost of Ciotsan the Gelid, an adept FeIE of Vehumet (Vaults:4)
  5 draconian annihilators
  13 very ugly things
  9 reapers
  13 stone giants
  16 green draconians
  15 vampire knights
  10 black draconians
  A spectral titan (Tar:1)
  11 white draconians
  4 bennus (Tomb:2)
  15 purple draconians
  8 deep elf demonologists
  25 yellow draconians
  7 deep elf annihilators
  5 putrid mouths
  16 red draconians
  2 spark wasps (Depths:2)
  Azrael (D:15)
  16 dire elephants
  Snorg (Orc:2)
  11 ettins
  5 crystal guardians
  7 merfolk impalers
  7 eidola
  4 merfolk javelineers
  13 mummy priests
  14 deep elf death magi
  7 blizzard demons
  A spectral iron giant (Tar:1)
  2 entropy weavers
  4 deep elf high priests
  6 fire dragons
  24 jiangshi
  5 great orbs of eyes
  A servant of whispers (Desolation)
  A spectral kraken (Shoals:2)
  3 spectral spriggans
  Harold (D:10)
  18 yaktaur captains
  4 spriggan air magi (Depths:3)
  6 hydras
  36 vault guards
  6 ice dragons
  A hell beast (Depths:4)
  4 rakshasas
  Erolcha (Orc:1)
  5 salamander tyrants
  A sphinx zombie (Hell)
  7 peacekeepers
  18 centaur warriors
  11 ironbound frosthearts
  14 anacondas
  2 merfolk avatars
  2 stokers
  3 ogre magi
  3 satyrs
  15 dancing weapons
  An alligator snapping turtle (Shoals:4)
  8 deep troll shamans
  7 merfolk aquamancers
  5 death knights
  10 death scarabs (Tomb:1)
  A sphinx skeleton (Depths:2)
  5 death yaks (Lair:3)
  A spectral stone giant (Tar:1)
  15 two-headed ogres
  6 deep troll earth magi
  15 hell hogs
  7 boulder beetles
  A bennu skeleton (Crypt:3)
  7 shock serpents
  A titan zombie (Tomb:2)
  19 vampire magi
  3 spriggan berserkers
  24 naga warriors
  4 orc high priests (Orc:2)
  4 tengu warriors
  19 hell knights
  6 soul eaters
  6 thrashing horrors
  8 sun demons
  13 deep elf knights
  13 naga sharpshooters
  2 spectral dire elephants
  A storm dragon zombie (Hell)
  2 sixfirhies
  5 wretched stars (Abyss:1)
  8 skysharks
  5 iron trolls
  17 sea snakes
  A storm dragon skeleton (Depths:2)
  4 shadow wraiths
  6 salamander mystics
  4 golden dragon zombies
  49 deep trolls
  A spectral iron dragon (Tar:1)
  An orb spider (shapeshifter) (Vaults:5)
  7 glowing orange brains
  A swamp dragon (Zot:1)
  19 skeletal warriors
  2 spark wasp zombies (Hell)
  8 flayed ghosts
  5 naga ritualists
  3 bog bodies
  A spectral anaconda (Tar:2)
  An orange crystal statue (Depths:1)
  4 anaconda zombies
  A spriggan simulacrum (Crypt:3)
  9 lindwurms
  7 wizards
  7 orc knights
  25 deep elf zephyrmancers
  2 bunyip skeletons
  17 phantasmal warriors
  8 deep elf archers
  2 anaconda skeletons
  14 ironbound convokers
  12 necromancers
  19 deep elf pyromancers
  7 mana vipers
  21 harpies
  An iron dragon zombie (Crypt:2)
  6 orc sorcerers
  19 ugly things
  A shadow dragon zombie (Hell)
  11 manticores
  6 shining eyes
  23 moths of wrath
  A will-o-the-wisp (Abyss:1)
  A jorogumo skeleton (Crypt:3)
  3 stone giant zombies
  23 salamanders
  5 fire giant zombies
  A spectral centaur (Tar:2)
  2 worldbinders (Abyss:1)
  6 cyclopes
  6 oklob plants
  10 fauns
  2 stone giant skeletons
  17 water nymphs
  7 merfolk sirens
  17 elephants
  28 vault sentinels
  48 black mambas
  13 rust devils
  2 titan simulacra
  An eye of devastation (Slime:1)
  9 guardian serpents
  3 molten gargoyles
  A torpor snail (Lair:5)
  2 orange demons
  An alligator snapping turtle zombie (Crypt:3)
  12 smoke demons
  18 naga magi
  4 spriggan zombies
  13 cane toads
  3 spectral sea snakes (Shoals:2)
  6 gargoyles
  2 dire elephant skeletons
  4 hellions
  7 rime drakes (Lair:4)
  A kobold demonologist (D:11)
  A naga skeleton (Abyss:1)
  7 komodo dragons
  A yellow draconian zombie (Crypt:2)
  4 unseen horrors
  2 tengu conjurers
  9 freezing wraiths
  An alligator snapping turtle skeleton (Crypt:3)
  22 yaktaurs
  2 ice devils (Depths:4)
  4 tormentors
  3 ancient zymes (Abyss:1)
  A purple draconian skeleton (Crypt:1)
  17 guardian mummies
  2 harpy zombies
  7 polar bears
  A troll (shapeshifter) (Vaults:5)
  A spectral naga (Tar:1)
  3 hydra zombies (Hell)
  2 red devils
  8 hornets
  2 spectral harpies (Tar:2)
  2 trolls
  8 large abominations
  A hellwing (Depths:2)
  11 wind drakes
  20 merfolk
  A hydra skeleton (Hell)
  A polar bear (shapeshifter) (D:14)
  A culicivora zombie (Crypt:3)
  9 saltlings
  13 raiju
  A spectral swamp dragon (Tar:1)
  6 dream sheep
  A guardian serpent zombie (Crypt:1)
  An ettin zombie (Crypt:2)
  6 snapping turtles
  A stone giant simulacrum (Abyss:1)
  A satyr zombie (Crypt:1)
  29 blink frogs
  An ettin skeleton (Crypt:2)
  A centaur simulacrum (Crypt:2)
  58 slime creatures
  Sigmund (D:2)
  24 water elementals
  6 wyverns
  A satyr skeleton (Crypt:2)
  25 vampires
  2 shadows
  8 ushabtiu
  9 air elementals
  3 ynoxinuls
  30 yaks
  10 spriggans
  8 wraiths
  5 hogs (Shoals:4)
  6 basilisks
  8 chaos spawn
  6 golden eyes
  A neqoxec (Depths:2)
  12 starcursed masses
  7 steam dragons
  7 fire elementals
  8 vampire mosquitoes
  A sea snake simulacrum (Hell)
  Menkaure (D:4)
  3 redbacks (Vaults:1)
  A naga zombie (Crypt:3)
  A harpy simulacrum (Abyss:1)
  4 wargs
  59 nagas
  3 acid dragons
  15 hell hounds
  2 spectral snapping turtles (Shoals:2)
  A hydra simulacrum (Hell)
  A merfolk skeleton (Crypt:3)
  16 water moccasins
  3 floating eyes
  26 orc warriors
  An ice beast (D:5)
  3 black bears
  2 sky beasts
  9 ogres
  4 boggarts
  22 wolves
  8 centaurs
  A komodo dragon zombie (Crypt:1)
  14 bullfrogs
  3 kobold brigands
  2 necrophages
  5 scorpions
  A water moccasin zombie (Crypt:1)
  9 earth elementals
  3 wights (D:9)
  A shapeshifter zombie (Crypt:1)
  13 small abominations
  6 killer bees (D:5)
  A howler monkey (D:13)
  7 electric eels
  7 crimson imps (D:11)
  A bullfrog zombie (Crypt:3)
  3 quasits (Abyss:1)
  3 centaur zombies
  A hound (D:6)
  224 jellies
  23 orc priests
  A gnoll bouda (D:6)
  2 iron imps
  Jessica (D:2)
  A scorpion zombie (D:3)
  6 hell rats (Hell)
  A human skeleton (Crypt:1)
  4 iguanas
  Natasha (D:2)
  24 orc wizards
  2 lightning spires (WizLab)
  An ogre skeleton (Crypt:1)
  32 mummies
  Robin (D:4)
  4 gnolls (D:6)
  A howler monkey skeleton (Crypt:1)
  A steam dragon zombie (Crypt:2)
  5 adders
  A river rat (Sewer)
  2 shadow imps
  3 white imps
  An ufetubus (Abyss:1)
  3 worms
  A dart slug (D:3)
  62 orcs
  14 endoplasms
  A giant cockroach (D:3)
  9 goblins
  9 hobgoblins
  4 jackals (D:4)
  8 kobolds
  3 quokkas
  11 ball pythons
  A ball python zombie (D:3)
  4 bats
  9 frilled lizards
  9 rats
  2 ball lightnings
  A butterfly (Lair:1)
  6 creeping infernos
  15 fire vortices
  A lurking horror (Abyss:1)
  2 starspawn tentacles (Abyss:4)
  2 tentacles (Shoals:2)
2987 creatures vanquished.

Vanquished Creatures (collateral kills)
  Bai Suzhen (Vaults:4)
  A quicksilver dragon (Vaults:5)
  An imperial myrmidon (Desolation)
  A curse skull (Crypt:2)
  A stone giant (D:15)
  An ironbound preserver (Vaults:5)
  A deep elf death mage (Crypt:2)
  A merfolk impaler (Depths:2)
  A hydra (Lair:4)
  A merfolk aquamancer (Shoals:1)
  An alligator snapping turtle (Shoals:2)
  A spriggan skeleton (Abyss:1)
  A death knight (Crypt:2)
  A tengu warrior (D:15)
  A deep elf knight (Elf:1)
  2 sea snakes (Shoals:1)
  A wretched star (Abyss:1)
  3 large abominations
  2 deep elf archers (Elf:1)
  3 deep elf zephyrmancers (Elf:1)
  A merfolk siren (Shoals:1)
  A guardian serpent (Desolation)
  A cane toad (Lair:1)
  Jeremiah (D:8)
  5 rime drakes
  A death yak skeleton (Crypt:2)
  A freezing wraith (Crypt:2)
  3 dream sheep (Lair:4)
  A black mamba skeleton (Crypt:2)
  A yak (shapeshifter) (Lair:5)
  4 water elementals (Shoals:1)
  A naga (Snake:4)
  A centaur (D:8)
  An iron imp (Abyss:1)
  3 kobolds (D:8)
  14 ball lightnings
66 creatures vanquished.

Vanquished Creatures (others)
  A lich (Crypt:1)
  A tentacled monstrosity (Zot:3)
  A quicksilver dragon (shapeshifter) (Vaults:4)
  2 draconian knights
  A fire giant (Geh:2)
  A deep elf elementalist (Elf:3)
  A war gargoyle (WizLab)
  2 formless jellyfish (Vaults:4)
  7 great orbs of eyes
  A crystal guardian (WizLab)
  A yaktaur captain (Vaults:5)
  An anaconda (shapeshifter) (Depths:2)
  A catoblepas (D:15)
  A centaur warrior (Vaults:1)
  A merfolk avatar (Shoals:3)
  A hell hog (Geh:4)
  A deep troll earth mage (Vaults:4)
  A glowing orange brain (Abyss:1)
  A deep troll (Vaults:2)
  A wizard (Vaults:2)
  A deep elf pyromancer (Elf:3)
  3 deep elf zephyrmancers
  A lindwurm (Vaults:4)
  A manticore (D:13)
  An ugly thing (Vaults:2)
  An elephant (shapeshifter) (Depths:2)
  4 vault sentinels
  2 unseen horrors (D:11)
  A gargoyle (D:12)
  A komodo dragon (D:11)
  6 yaktaurs
  A queen bee (shapeshifter) (Lair:5)
  A dream sheep (Shoals:1)
  22 slime creatures
  A ynoxinul (Abyss:1)
  A human (Shoals:4)
  2 shadows
  2 fire elementals
  A water elemental (Shoals:4)
  A small abomination (Lair:5)
  A chaos spawn (Depths:2)
  A naga (Snake:3)
  A swamp worm (shapeshifter) (Depths:2)
  2 water moccasins
  A kobold brigand (D:9)
  A bullfrog (Lair:2)
  A scorpion (D:5)
  343 jellies
  Natasha (twice) (D:2)
  An iguana (D:5)
  2 adders
  A worm (D:2)
  5 orcs
  3 bats
  An endoplasm (D:2)
  2 goblins
  3 hobgoblins
  A dart slug zombie (Crypt:3)
  8 kobolds
  464 ball lightnings
  A creeping inferno (Geh:4)
  A fire vortex (Geh:4)
  2 lurking horrors
  16 starspawn tentacles
  7 tentacles
953 creatures vanquished.

Grand Total: 4006 creatures vanquished

Notes
Turn   | Place    | Note
-------+----------+-------------------------------------------
     0 | D:1      | Lugonue the Tengu Venom Mage began the quest for the Orb.
     0 | D:1      | Reached XP level 1. HP: 10/10 MP: 4/4
    73 | D:1      | Found Geg Ziyblaff's Jewellery Emporium.
   452 | D:1      | Reached XP level 2. HP: 15/15 MP: 4/6
   627 | D:2      | Noticed Sigmund
   733 | D:2      | Found a glowing golden altar of the Shining One.
   786 | D:2      | Learned a level 2 spell: Poisonous Vapours
   815 | D:2      | Killed Sigmund
   816 | D:2      | Reached skill level 3 in Spellcasting
   816 | D:2      | Reached skill level 1 in Transmutations
   816 | D:2      | Reached XP level 3. HP: 19/19 MP: 2/8
   816 | D:2      | Reached XP level 4. HP: 24/24 MP: 2/9
   816 | D:2      | Reached XP level 5. HP: 28/28 MP: 2/10
   883 | D:2      | You fall into a shaft and drop 1 floor!
   947 | D:3      | Noticed an ogre
   970 | D:3      | Killed an ogre
   971 | D:3      | Reached skill level 1 in Polearms
   971 | D:3      | Reached XP level 6. HP: 31/32 MP: 4/12
  1072 | D:3      | Found a glowing drain.
  1092 | Sewer    | Entered a sewer
  1236 | Sewer    | Found a viscous altar of Jiyva.
  1268 | Sewer    | Became a worshipper of Jiyva Jobruody the Shapeless
  1939 | D:3      | Reached * piety under Jiyva
  1955 | D:3      | Gained mutation: Your magical flight helps you evade
                  | attacks. (EV +4) [Tengu growth]
  1955 | D:3      | Reached XP level 7. HP: 37/37 MP: 13/13
  1960 | D:3      | Found a basalt altar of Yredelemnul.
  2345 | D:2      | Killed Natasha
  2376 | D:2      | Noticed Jessica
  2380 | D:2      | Killed Jessica
  2421 | D:2      | Noticed Natasha
  2431 | D:2      | Killed Natasha
  2432 | D:2      | Reached skill level 1 in Fighting
  2436 | D:2      | Learned a level 3 spell: Mephitic Cloud
  2441 | D:2      | Learned a level 4 spell: Olgreb's Toxic Radiance
  2542 | D:2      | Killed Natasha
  2827 | D:4      | Noticed Menkaure
  2827 | D:4      | Reached ** piety under Jiyva
  2831 | D:4      | Killed Menkaure
  2875 | D:4      | Reached skill level 5 in Polearms
  2881 | D:4      | Found a staircase to the Ecumenical Temple.
  3131 | D:4      | Noticed Robin
  3142 | D:4      | Killed Robin
  3153 | D:4      | Found a shimmering altar of Xom.
  3275 | D:4      | Found an ornate altar of the Wu Jian Council.
  3397 | D:5      | Entered Level 5 of the Dungeon
  3469 | D:5      | Found Jamus's Antique Weapon Emporium.
  3532 | D:5      | Reached skill level 4 in Spellcasting
  3532 | D:5      | Reached XP level 8. HP: 44/44 MP: 8/15
  3671 | D:5      | Identified the +1 robe "Efyim" {Str-3 Dex+4}
  3697 | D:5      | Reached *** piety under Jiyva
  3697 | D:5      | Gained mutation: Your body has grown eyes which may confuse
                  | attackers. (Acc +3) [Jiyva's grace]
  3697 | D:5      | Gained mutation: Your body has grown many eyes which may
                  | confuse attackers. (Acc +5) [Jiyva's grace]
  3697 | D:5      | Gained mutation: Your body is covered in eyes which may
                  | confuse attackers. (Acc +7, SInv) [Jiyva's grace]
  3697 | D:5      | Gained mutation: Your natural rate of healing is unusually
                  | fast. [Jiyva's grace]
  3703 | D:5      | Found Caoneqez's Book Boutique.
  3782 | D:5      | Found Nosooclo's General Store.
  3864 | D:5      | Found Xerecuk's Magic Scroll Shoppe.
  4139 | D:6      | Identified the +4 ring mail of Ywoomod {Will+ Str-4 Int+6
                  | Dex+2}
  4208 | D:6      | Reached XP level 9. HP: 49/49 MP: 17/17
  4271 | D:6      | Got an innocuous book
  4352 | D:6      | Reached **** piety under Jiyva
  4674 | D:7      | Reached skill level 5 in Spellcasting
  4834 | D:7      | Found a transporter.
  4851 | D:7      | Noticed a moth of wrath
  4852 | D:7      | Noticed AceOff's ghost (novice OpSh)
  4877 | D:7      | Found a transporter.
  4921 | D:7      | Found a shadowy altar of Dithmenos.
  5303 | D:8      | Reached skill level 5 in Dodging
  5346 | D:8      | Found a sacrificial altar of Ru.
  5360 | D:8      | Reached ***** piety under Jiyva
  5412 | D:8      | Noticed Jeremiah
  5440 | D:8      | Killed Jeremiah
  5441 | D:8      | Reached skill level 10 in Polearms
  5441 | D:8      | Reached skill level 6 in Spellcasting
  5512 | D:8      | Lost mutation: Your body is covered in eyes which may
                  | confuse attackers. (Acc +7, SInv) [Jiyva's grace]
  5512 | D:8      | Gained mutation: You are covered in slimy tendrils that may
                  | disarm your opponents. [Jiyva's grace]
  5512 | D:8      | Gained mutation: Your translucent skin slightly reduces
                  | your foes' accuracy. (Stealth+) [Jiyva's grace]
  5512 | D:8      | Gained mutation: Your translucent skin reduces your foes'
                  | accuracy. (Stealth+) [Jiyva's grace]
  5512 | D:8      | Gained mutation: Your transparent skin significantly
                  | reduces your foes' accuracy. (Stealth+) [Jiyva's grace]
  5618 | D:8      | Found a glowing golden altar of the Shining One.
  5619 | D:8      | Found a snail-covered altar of Cheibriados.
  5620 | D:8      | Found an opulent altar of Gozag.
  5692 | D:9      | Found a staircase to the Lair.
  5721 | D:9      | Found a broken altar of Ashenzari.
  5742 | D:9      | Reached XP level 10. HP: 56/56 MP: 20/20
  5815 | D:9      | Reached skill level 7 in Spellcasting
  6001 | D:9      | Noticed a two-headed ogre
  6024 | D:9      | Killed a two-headed ogre
  6062 | D:9      | Found a staircase to the Orcish Mines.
  6430 | Orc:1    | Entered Level 1 of the Orcish Mines
  6448 | Orc:1    | Noticed an orc sorcerer
  6453 | Orc:1    | Reached XP level 11. HP: 54/62 MP: 18/23
  6461 | Orc:1    | Killed an orc sorcerer
  6565 | Orc:1    | Noticed Erolcha
  6574 | Abyss:1  | Cast into level 1 of the Abyss (Erolcha)
  6577 | Abyss:1  | Identified 2 scrolls of acquirement
  6577 | Abyss:1  | Acquired 957 gold pieces
  6688 | Abyss:1  | Noticed a starcursed mass
  6690 | Abyss:1  | Noticed a bone dragon
  6791 | Abyss:1  | Found a corrupted altar of Lugonu.
  6895 | Abyss:1  | Reached skill level 8 in Spellcasting
  6898 | Abyss:1  | Noticed a large abomination
  6904 | Abyss:1  | Killed a large abomination
  6905 | Abyss:1  | Reached skill level 5 in Fighting
  6908 | Abyss:1  | Noticed a wretched star
  6929 | Abyss:1  | Noticed a bone dragon
  6933 | Abyss:1  | Found a corrupted altar of Lugonu.
  6955 | Abyss:1  | Noticed a blizzard demon
  6973 | Abyss:1  | Reached ****** piety under Jiyva
  7009 | Abyss:1  | Noticed a tentacled starspawn
  7026 | Abyss:1  | Noticed a large abomination
  7181 | Abyss:1  | Noticed a large abomination
  7182 | Abyss:1  | Slimified a large abomination
  7182 | Abyss:1  | a large abomination changed into a slime creature
  7189 | Abyss:1  | Killed a glowing orange brain
  7198 | Abyss:1  | Killed a great orb of eyes
  7234 | Abyss:1  | Lost mutation: Your natural rate of healing is unusually
                  | fast. [Jiyva's grace]
  7234 | Abyss:1  | Lost mutation: Your transparent skin significantly reduces
                  | your foes' accuracy. (Stealth+) [Jiyva's grace]
  7234 | Abyss:1  | Gained mutation: Your flesh is heat resistant. (rF+)
                  | [Jiyva's grace]
  7234 | Abyss:1  | Gained mutation: Your flesh is very heat resistant. (rF++)
                  | [Jiyva's grace]
  7234 | Abyss:1  | Gained mutation: Your flesh is almost immune to the effects
                  | of heat. (rF+++) [Jiyva's grace]
  7234 | Abyss:1  | Gained mutation: You expend magic power (3 MP) to
                  | strengthen your wands. [Jiyva's grace]
  7249 | Abyss:1  | Noticed a wretched star
  7258 | Abyss:1  | Noticed a wretched star
  7279 | Abyss:1  | Found a corrupted altar of Lugonu.
  7285 | Abyss:1  | Noticed a glowing orange brain
  7298 | Abyss:1  | Killed a wretched star
  7311 | Orc:1    | Escaped the Abyss
  7324 | D:9      | Acquired the +0 pair of gloves "Howyeg" {Dex+5}
  7448 | Lair:1   | Entered Level 1 of the Lair of Beasts
  8320 | D:1      | Bought a ring of wizardry for 420 gold pieces
  8429 | D:5      | Bought a scroll of brand weapon for 104 gold pieces
  8429 | D:5      | Bought a scroll of enchant weapon for 82 gold pieces
  8429 | D:5      | Bought a scroll of identify for 22 gold pieces
  8429 | D:5      | Bought a scroll of identify for 22 gold pieces
  8429 | D:5      | Bought a scroll of revelation for 82 gold pieces
  8429 | D:5      | Bought a scroll of fog for 44 gold pieces
  8429 | D:5      | Bought a scroll of vulnerability for 44 gold pieces
  8429 | D:5      | Bought a scroll of teleportation for 33 gold pieces
  8429 | D:5      | Bought a scroll of identify for 22 gold pieces
  8592 | Lair:2   | Reached XP level 12. HP: 54/69 MP: 25/25
  8701 | Lair:2   | Reached skill level 9 in Spellcasting
  8842 | Lair:2   | Noticed a six-headed hydra
  8856 | Lair:2   | Killed a six-headed hydra
  9049 | Lair:2   | Reached skill level 1 in Shields
  9139 | Lair:2   | Noticed a skyshark
  9148 | Lair:2   | Killed a skyshark
  9411 | Lair:3   | Found a staircase to the Snake Pit.
  9477 | Lair:3   | Found a staircase to the Shoals.
  9485 | Lair:3   | Identified the +2 morningstar of Wogel {flame, rF+}
  9505 | Lair:3   | Reached skill level 10 in Spellcasting
  9534 | Lair:3   | Lost mutation: Your body has grown many eyes which may
                  | confuse attackers. (Acc +5) [Jiyva's grace]
  9534 | Lair:3   | Gained mutation: Your spells are a little harder to cast,
                  | but a little more powerful. [Jiyva's grace]
  9534 | Lair:3   | Gained mutation: Your spells are harder to cast, but more
                  | powerful. [Jiyva's grace]
  9534 | Lair:3   | Gained mutation: Your spells are much harder to cast, but
                  | much more powerful. [Jiyva's grace]
  9534 | Lair:3   | Gained mutation: You are partially covered in iridescent
                  | scales. (AC +2) [Jiyva's grace]
  9551 | Lair:3   | Noticed a death yak
  9552 | Lair:3   | Noticed a death yak
  9552 | Lair:3   | Noticed a death yak
  9554 | Lair:3   | Noticed a death yak
  9554 | Lair:3   | Noticed a death yak
  9580 | Lair:3   | Killed a death yak
  9588 | Lair:3   | Killed a death yak
  9589 | Lair:3   | Killed a death yak
  9590 | Lair:3   | Killed a death yak
  9595 | Lair:3   | Killed a death yak
  9596 | Lair:3   | Reached XP level 13. HP: 58/76 MP: 28/28
  9626 | Lair:3   | Reached skill level 11 in Spellcasting
 10501 | Lair:4   | Reached skill level 12 in Spellcasting
 10502 | Lair:4   | Reached skill level 10 in Dodging
 10864 | Lair:4   | Noticed a fire dragon
 10898 | Lair:4   | Identified the +8 falchion of Yguxouzy {venom, rPois Int+5}
 10924 | Lair:4   | Learned a level 4 spell: Airstrike
 10985 | Lair:4   | Lost mutation: Your translucent skin reduces your foes'
                  | accuracy. (Stealth+) [Jiyva's grace]
 10985 | Lair:4   | Gained mutation: You are mostly covered in iridescent
                  | scales. (AC +4) [Jiyva's grace]
 10985 | Lair:4   | Gained mutation: You are completely covered in iridescent
                  | scales. (AC +6) [Jiyva's grace]
 10985 | Lair:4   | Gained mutation: Your translucent skin reduces your foes'
                  | accuracy. (Stealth+) [Jiyva's grace]
 10985 | Lair:4   | Gained mutation: Your transparent skin significantly
                  | reduces your foes' accuracy. (Stealth+) [Jiyva's grace]
 11336 | Lair:5   | Entered Level 5 of the Lair of Beasts
 11399 | Lair:5   | Reached XP level 14. HP: 84/84 MP: 31/31
 11484 | Lair:5   | Found a viscous altar of Jiyva.
 11486 | Lair:5   | Found a staircase to the Slime Pits.
 11654 | Lair:5   | Reached skill level 1 in Air Magic
 11660 | Lair:5   | Noticed a dire elephant
 11683 | Lair:5   | Killed a dire elephant
 11684 | Lair:5   | Reached skill level 13 in Spellcasting
 11964 | Lair:5   | Reached skill level 1 in Armour
 12011 | Lair:5   | Reached skill level 10 in Fighting
 12257 | Lair:5   | Found a corrupted altar of Lugonu.
 12257 | Lair:5   | Found a one-way gate to the infinite horrors of the Abyss.
 12570 | Lair:5   | Identified the +0 scale mail of Usay {+Blink rF+ Regen+}
 13293 | Orc:1    | Killed Erolcha
 13387 | Orc:1    | Learned a level 2 spell: Blink
 13694 | Orc:2    | Entered Level 2 of the Orcish Mines
 13771 | Orc:2    | Found a staircase to the Elven Halls.
 13880 | Orc:2    | Noticed Snorg
 13893 | Orc:2    | Killed Snorg
 13916 | Orc:2    | Reached XP level 15. HP: 93/93 MP: 28/33
 14001 | Orc:2    | Found Wekith's Assorted Antiques.
 14008 | Orc:2    | Found Legeetirch's Antique Armour Shop.
 14031 | Orc:2    | Found Zuotagh's Book Shop.
 14035 | Orc:2    | Found Ekasel's Distillery.
 14046 | Orc:2    | Bought a scroll of blinking for 187 gold pieces
 14048 | Orc:2    | Bought a book of the Spheres for 896 gold pieces
 14049 | Orc:2    | Bought 2 potions of heal wounds for 110 gold pieces
 14049 | Orc:2    | Bought a potion of heal wounds for 55 gold pieces
 14147 | Orc:2    | Lost mutation: You are completely covered in iridescent
                  | scales. (AC +6) [Jiyva's grace]
 14147 | Orc:2    | Lost mutation: Your spells are much harder to cast, but
                  | much more powerful. [Jiyva's grace]
 14147 | Orc:2    | Lost mutation: Your transparent skin significantly reduces
                  | your foes' accuracy. (Stealth+) [Jiyva's grace]
 14147 | Orc:2    | Gained mutation: Your system is resistant to poisons.
                  | (rPois) [Jiyva's grace]
 14147 | Orc:2    | Gained mutation: You have sharp fingernails. [Jiyva's
                  | grace]
 14147 | Orc:2    | Gained mutation: You have very sharp fingernails. [Jiyva's
                  | grace]
 14147 | Orc:2    | Gained mutation: You have claws for hands. [Jiyva's grace]
 14513 | D:10     | Entered Level 10 of the Dungeon
 14542 | D:10     | Noticed Gastronok
 14553 | D:10     | Killed Gastronok
 14554 | D:10     | Reached skill level 14 in Spellcasting
 14612 | D:10     | Found a blossoming altar of Fedhas.
 14697 | D:10     | Noticed Harold
 14707 | D:10     | Killed Harold
 14907 | D:10     | Reached skill level 5 in Armour
 14917 | D:10     | Reached skill level 5 in Air Magic
 14967 | D:10     | Found a shimmering blue altar of Sif Muna.
 15293 | D:11     | Identified the +4 ring mail of Lugonu's Anger {rElec rN+
                  | MP+9}
 16041 | D:11     | Paralysed by a deep elf pyromancer for 3 turns
 16047 | D:11     | Paralysed by a deep elf pyromancer for 5 turns
 16089 | D:11     | Learned a level 6 spell: Conjure Ball Lightning
 16547 | D:12     | Lost mutation: You have claws for hands. [Jiyva's grace]
 16547 | D:12     | Lost mutation: You are mostly covered in iridescent scales.
                  | (AC +4) [Jiyva's grace]
 16547 | D:12     | Lost mutation: Your translucent skin reduces your foes'
                  | accuracy. (Stealth+) [Jiyva's grace]
 16547 | D:12     | Lost mutation: You are covered in slimy tendrils that may
                  | disarm your opponents. [Jiyva's grace]
 16547 | D:12     | Gained mutation: You are strong-willed. (Will+) [Jiyva's
                  | grace]
 16547 | D:12     | Gained mutation: You are highly strong-willed. (Will++)
                  | [Jiyva's grace]
 16547 | D:12     | Gained mutation: You are extremely strong-willed. (Will+++)
                  | [Jiyva's grace]
 16547 | D:12     | Gained mutation: You have a small jelly attached to you
                  | that senses nearby items. [Jiyva's grace]
 17838 | D:14     | Identified the +7 spear of the Lost Beggars {freeze, +Blink
                  | rN++ Str-4 Int+3}
 18074 | D:14     | Lost mutation: Your flesh is almost immune to the effects
                  | of heat. (rF+++) [Jiyva's grace]
 18074 | D:14     | Lost mutation: You are extremely strong-willed. (Will+++)
                  | [Jiyva's grace]
 18074 | D:14     | Lost mutation: Your spells are harder to cast, but more
                  | powerful. [Jiyva's grace]
 18074 | D:14     | Lost mutation: Your spells are a little harder to cast, but
                  | a little more powerful. [Jiyva's grace]
 18074 | D:14     | Lost mutation: Your body has grown eyes which may confuse
                  | attackers. (Acc +3) [Jiyva's grace]
 18074 | D:14     | Lost mutation: You expend magic power (3 MP) to strengthen
                  | your wands. [Jiyva's grace]
 18074 | D:14     | Gained mutation: You expend magic power (3 MP) to
                  | strengthen your wands. [Jiyva's grace]
 18074 | D:14     | Gained mutation: Your spells are a little harder to cast,
                  | but a little more powerful. [Jiyva's grace]
 18074 | D:14     | Gained mutation: Your spells are harder to cast, but more
                  | powerful. [Jiyva's grace]
 18074 | D:14     | Gained mutation: Your spells are much harder to cast, but
                  | much more powerful. [Jiyva's grace]
 18074 | D:14     | Found a gate to the Vaults.
 18138 | D:14     | Reached skill level 15 in Spellcasting
 18371 | D:15     | Entered Level 15 of the Dungeon
 18433 | D:15     | Reached XP level 16. HP: 99/99 MP: 36/36
 18541 | D:15     | Reached skill level 10 in Air Magic
 18601 | D:15     | Noticed Azrael
 18609 | D:15     | Killed Azrael
 18815 | D:15     | Found a staircase to the Depths.
 19409 | Shoals:1 | Entered Level 1 of the Shoals
 19720 | Shoals:1 | Noticed Mlioglotl
 19737 | Shoals:1 | Noticed a bone dragon
 19740 | Shoals:1 | Noticed a tentacled starspawn
 19742 | Shoals:1 | Noticed a bone dragon
 19744 | Shoals:1 | Noticed a tentacled starspawn
 19952 | Elf:1    | Entered Level 1 of the Elven Halls
 19962 | Elf:1    | Identified the +0 war axe of Disorder {heavy, Dex+3}
 19976 | Elf:1    | Reached skill level 16 in Spellcasting
 20066 | Elf:1    | Reached skill level 1 in Conjurations
 20110 | Elf:1    | Found a crumbling gateway.
 20136 | Desolati | Entered the Desolation of Salt
 20136 | Desolati | Lost mutation: You are partially covered in iridescent
                  | scales. (AC +2) [Jiyva's grace]
 20136 | Desolati | Lost mutation: Your flesh is very heat resistant. (rF++)
                  | [Jiyva's grace]
 20136 | Desolati | Lost mutation: Your flesh is heat resistant. (rF+) [Jiyva's
                  | grace]
 20136 | Desolati | Lost mutation: Your system is resistant to poisons. (rPois)
                  | [Jiyva's grace]
 20136 | Desolati | Lost mutation: Your spells are much harder to cast, but
                  | much more powerful. [Jiyva's grace]
 20136 | Desolati | Gained mutation: Your movements are slightly less
                  | encumbered by armour. (ER -2) [Jiyva's grace]
 20136 | Desolati | Gained mutation: Your movements are less encumbered by
                  | armour. (ER -4) [Jiyva's grace]
 20136 | Desolati | Gained mutation: Your movements are significantly less
                  | encumbered by armour. (ER -6) [Jiyva's grace]
 20136 | Desolati | Gained mutation: Your flesh is heat resistant. (rF+)
                  | [Jiyva's grace]
 20217 | Desolati | Identified the amulet of Zushruale {Spirit rPois MP+9}
 20501 | Elf:1    | Reached XP level 17. HP: 99/104 MP: 30/38
 20810 | Elf:1    | Reached skill level 17 in Spellcasting
 21309 | Elf:2    | Learned a level 3 spell: Ignite Poison
 21484 | Elf:2    | Found a runed translucent gate.
 21484 | Elf:2    | Found a runed translucent gate.
 21484 | Elf:2    | Found a runed translucent gate.
 21542 | Elf:3    | Entered Level 3 of the Elven Halls
 21603 | Elf:3    | Paralysed by an air elemental for 1 turns
 21954 | Elf:3    | Paralysed by an air elemental for 1 turns
 22023 | Elf:3    | Noticed a Brimstone Fiend
 22025 | Elf:3    | Noticed a Hell Sentinel
 22073 | Elf:3    | Noticed a deep elf master archer
 22081 | Elf:3    | Killed a deep elf master archer
 22126 | Elf:3    | Noticed a deep elf blademaster
 22132 | Elf:3    | Killed a deep elf blademaster
 22137 | Elf:3    | Reached skill level 15 in Air Magic
 22145 | Elf:3    | Identified the ring of Ynaowk {rF+ AC+4 Dex+4}
 22186 | Elf:3    | Was placed under penance by Jiyva
 22192 | Elf:3    | Reached skill level 18 in Spellcasting
 22348 | Elf:3    | Noticed an Ice Fiend
 22349 | Elf:3    | Noticed a deep elf blademaster
 22361 | Elf:3    | Killed a deep elf blademaster
 22429 | Elf:3    | Noticed a deep elf master archer
 22453 | Elf:3    | Killed a deep elf master archer
 22646 | Elf:3    | Identified the ring "Qoagea Acon" {MP+9 AC+4 Str+4}
 22696 | Elf:3    | Found the +0 pair of fencer's gloves {Riposte Dex+3}
 22709 | Elf:3    | Identified the +11 whip of Jomatwir {freeze, Int+3}
 22712 | Elf:3    | Got a grimy book
 22713 | Elf:3    | Identified the +6 shortbow of Conservatism {flame, Dex+6}
 22758 | Elf:3    | Reached XP level 18. HP: 110/110 MP: 37/41
 22769 | Elf:3    | Got a thrumming book
 22776 | Elf:3    | Learned a level 5 spell: Freezing Cloud
 22846 | Elf:3    | Identified the +4 shortbow of Nesoky {flame, MP-9 Int+3
                  | Dex+6}
 22923 | Elf:3    | Noticed an Ice Fiend
 23138 | Elf:3    | Gained mutation: You occasionally lose the ability to drink
                  | potions when taking damage. [the all-consuming vengeance of
                  | Jiyva]
 23138 | Elf:3    | Gained mutation: You occasionally lose the ability to read
                  | scrolls when taking damage. [the all-consuming vengeance of
                  | Jiyva]
 23138 | Elf:3    | Lost mutation: Your translucent skin slightly reduces your
                  | foes' accuracy. (Stealth+) [the all-consuming vengeance of
                  | Jiyva]
 23138 | Elf:3    | Was forgiven by Jiyva
 23202 | Elf:3    | Noticed a Hell Sentinel
 23802 | Shoals:1 | Lost mutation: You have very sharp fingernails. [Jiyva's
                  | grace]
 23802 | Shoals:1 | Lost mutation: You are highly strong-willed. (Will++)
                  | [Jiyva's grace]
 23802 | Shoals:1 | Lost mutation: You have a small jelly attached to you that
                  | senses nearby items. [Jiyva's grace]
 23802 | Shoals:1 | Lost mutation: You occasionally lose the ability to drink
                  | potions when taking damage. [Jiyva's grace]
 23802 | Shoals:1 | Lost mutation: You occasionally lose the ability to read
                  | scrolls when taking damage. [Jiyva's grace]
 23802 | Shoals:1 | Lost mutation: Your movements are significantly less
                  | encumbered by armour. (ER -6) [Jiyva's grace]
 23802 | Shoals:1 | Gained mutation: You are covered in slimy tendrils that may
                  | disarm your opponents. [Jiyva's grace]
 23802 | Shoals:1 | Gained mutation: You are resistant to electric shocks.
                  | (rElec) [Jiyva's grace]
 23802 | Shoals:1 | Gained mutation: You are somewhat resistant to further
                  | mutation. [Jiyva's grace]
 23802 | Shoals:1 | Gained mutation: You are somewhat resistant to both further
                  | mutation and mutation removal. [Jiyva's grace]
 23929 | Shoals:1 | Found a stormy altar of Qazlal.
 24367 | Shoals:2 | Noticed Frances
 24386 | Shoals:2 | Killed Frances
 24671 | Shoals:2 | Found a transporter.
 24671 | Shoals:2 | Found a transporter.
 24672 | Shoals:2 | Identified the ring "Fopsynuc" {rF+ Will+ Str-5 Dex+2}
 24673 | Shoals:2 | Identified the +0 long sword of Greed {venom, Int+4}
 24875 | Shoals:2 | Got a decrepit book
 25187 | Shoals:2 | Noticed RandomKimchi's ghost (adept SpCj)
 25311 | Shoals:3 | Found Bewuapat's Assorted Antiques.
 25560 | Shoals:3 | Reached skill level 19 in Spellcasting
 26248 | Shoals:4 | Entered Level 4 of the Shoals
 26248 | Shoals:4 | Found a sacrificial altar of Ru.
 26441 | Shoals:4 | Paralysed by an air elemental for 1 turns
 26500 | Shoals:4 | Noticed Kirke
 26511 | Shoals:4 | Killed Kirke
 26561 | Shoals:4 | Identified the +1 leather armour of Pandemonium {MP+9 Dex+3
                  | Stlth+}
 26696 | Shoals:4 | Got a barnacled rune of Zot
 26698 | Shoals:4 | Got a black book
 26724 | Shoals:4 | Was placed under penance by Jiyva
 26753 | Shoals:4 | Reached XP level 19. HP: 56/115 MP: 36/43
 27081 | Slime:1  | Entered Level 1 of the Pits of Slime
 27176 | Lair:4   | Reached skill level 15 in Polearms
 27355 | Snake:1  | Entered Level 1 of the Snake Pit
 27515 | Snake:1  | Was forgiven by Jiyva
 27558 | Snake:1  | Lost mutation: You have sharp fingernails. [Jiyva's grace]
 27558 | Snake:1  | Lost mutation: Your spells are harder to cast, but more
                  | powerful. [Jiyva's grace]
 27558 | Snake:1  | Lost mutation: Your movements are less encumbered by
                  | armour. (ER -4) [Jiyva's grace]
 27558 | Snake:1  | Gained mutation: You passively dampen the noise of your
                  | surroundings. [Jiyva's grace]
 27558 | Snake:1  | Lost mutation: You are somewhat resistant to both further
                  | mutation and mutation removal. [Jiyva's grace]
 27558 | Snake:1  | Lost mutation: You are somewhat resistant to further
                  | mutation. [Jiyva's grace]
 27558 | Snake:1  | Gained mutation: You have hidden genetic potential.
                  | [Jiyva's grace]
 27558 | Snake:1  | Gained mutation: You have great hidden genetic potential.
                  | [Jiyva's grace]
 27558 | Snake:1  | Gained mutation: Your translucent skin slightly reduces
                  | your foes' accuracy. (Stealth+) [Jiyva's grace]
 27824 | Snake:1  | Learned a level 6 spell: Plasma Beam
 28082 | Snake:1  | Found Jytumukh's Book Emporium.
 28082 | Snake:1  | Found Axaff's Jewellery Shop.
 28083 | Snake:1  | Found Yghimesy's Jewellery Shop.
 28480 | Snake:2  | Reached skill level 20 in Spellcasting
 28505 | Snake:2  | Noticed Aizul
 28625 | Snake:2  | Noticed Vashnia
 28627 | Snake:2  | Killed Aizul
 28674 | Snake:2  | Killed Vashnia
 28737 | Snake:2  | Found Seibat's Weapon Shoppe.
 28922 | Snake:2  | Noticed Roxanne
 29796 | Snake:3  | Found Agreuxze's Tiny Tomes.
 29842 | Snake:3  | Found Iluwichy's Jewellery Emporium.
 29846 | Snake:3  | Bought the amulet "Celoleseti" {Reflect Int+3 SH+5} for 562
                  | gold pieces
 30088 | Snake:4  | Entered Level 4 of the Snake Pit
 30248 | Snake:4  | Reached XP level 20. HP: 102/121 MP: 41/45
 30252 | Snake:4  | Reached skill level 21 in Spellcasting
 30314 | Snake:4  | Lost mutation: Your spells are a little harder to cast, but
                  | a little more powerful. [Jiyva's grace]
 30314 | Snake:4  | Lost mutation: You are covered in slimy tendrils that may
                  | disarm your opponents. [Jiyva's grace]
 30314 | Snake:4  | Gained mutation: You have supernaturally acute eyesight.
                  | (SInv) [Jiyva's grace]
 30314 | Snake:4  | Gained mutation: You are covered in slimy tendrils that may
                  | disarm your opponents. [Jiyva's grace]
 30314 | Snake:4  | Gained mutation: Your melee attacks may engulf your foes in
                  | ooze. [Jiyva's grace]
 30314 | Snake:4  | Gained mutation: You possess an exceptional clarity of
                  | mind. [Jiyva's grace]
 30383 | Snake:4  | Found a sparkling altar of Nemelex Xobeh.
 30486 | Snake:4  | Reached skill level 5 in Shields
 30572 | Snake:4  | Gained mutation: You passively map a small area around you.
                  | [hidden potential]
 30830 | Snake:4  | HP: 4/121 [nagaraja/bolt of poison (23)]
 30831 | Snake:4  | HP: 1/121 [poisoned by a nagaraja (bolt of poison)]
 31158 | Snake:4  | Got a serpentine rune of Zot
 32330 | Vaults:1 | Entered Level 1 of the Vaults
 32384 | D:14     | Reached skill level 10 in Shields
 32523 | Vaults:1 | Found Zischinerch's Armour Shoppe.
 33032 | Vaults:1 | Reached skill level 10 in Armour
 33108 | Vaults:1 | Learned a level 5 spell: Silence
 33152 | Vaults:1 | Lost mutation: You have supernaturally acute eyesight.
                  | (SInv) [Jiyva's grace]
 33152 | Vaults:1 | Lost mutation: You passively map a small area around you.
                  | [Jiyva's grace]
 33152 | Vaults:1 | Lost mutation: You are covered in slimy tendrils that may
                  | disarm your opponents. [Jiyva's grace]
 33152 | Vaults:1 | Lost mutation: Your movements are slightly less encumbered
                  | by armour. (ER -2) [Jiyva's grace]
 33152 | Vaults:1 | Lost mutation: Your melee attacks may engulf your foes in
                  | ooze. [Jiyva's grace]
 33152 | Vaults:1 | Gained mutation: You are robust. (+10% HP) [Jiyva's grace]
 33152 | Vaults:1 | Gained mutation: You are very robust. (+20% HP) [Jiyva's
                  | grace]
 33152 | Vaults:1 | Gained mutation: You are extremely robust. (+30% HP)
                  | [Jiyva's grace]
 33152 | Vaults:1 | Gained mutation: Your flesh is cold resistant. (rC+)
                  | [Jiyva's grace]
 33595 | Vaults:1 | Reached XP level 21. HP: 163/163 MP: 47/47
 33793 | Vaults:2 | Found a staircase to the Crypt.
 33882 | Vaults:2 | Gained mutation: You are agile. (Dex +4, Str/Int -1)
                  | [hidden potential]
 33882 | Vaults:2 | Lost mutation: You have great hidden genetic potential.
                  | [hidden potential expressed]
 34017 | Vaults:2 | Noticed Zenata
 34024 | Vaults:2 | Killed Zenata
 34033 | Vaults:2 | Found Niatol's Magic Scroll Shoppe.
 34042 | Vaults:2 | Bought a scroll of revelation for 157 gold pieces
 34042 | Vaults:2 | Bought a scroll of teleportation for 63 gold pieces
 34042 | Vaults:2 | Bought a scroll of enchant armour for 157 gold pieces
 34042 | Vaults:2 | Bought a scroll of teleportation for 63 gold pieces
 34792 | Vaults:2 | Lost mutation: You are agile. (Dex +4, Str/Int -1) [Jiyva's
                  | grace]
 34792 | Vaults:2 | Lost mutation: You expend magic power (3 MP) to strengthen
                  | your wands. [Jiyva's grace]
 34792 | Vaults:2 | Gained mutation: Armour fits poorly on your pseudopods.
                  | [Jiyva's grace]
 34792 | Vaults:2 | Gained mutation: Armour fits poorly on your large
                  | pseudopods. [Jiyva's grace]
 34792 | Vaults:2 | Gained mutation: Armour fits poorly on your massive
                  | pseudopods. [Jiyva's grace]
 34792 | Vaults:2 | Gained mutation: Your mind is acute. (Int +4, Str/Dex -1)
                  | [Jiyva's grace]
 35036 | Vaults:3 | Found Ikkup's General Store.
 35049 | Vaults:3 | Bought a potion of curing for 63 gold pieces
 35049 | Vaults:3 | Bought a scroll of blinking for 157 gold pieces
 35160 | Vaults:3 | Reached skill level 15 in Armour
 35335 | Vaults:3 | Noticed Margery
 35356 | Vaults:3 | Killed Margery
 35381 | Vaults:3 | Noticed Norris
 35499 | Vaults:3 | Killed Norris
 36000 | Vaults:3 | Reached skill level 5 in Conjurations
 36073 | Vaults:3 | Reached XP level 22. HP: 171/171 MP: 48/48
 36401 | Vaults:3 | You are sucked into a shaft and drop 1 floor!
 36464 | Vaults:4 | Gained mutation: You are agile. (Dex +4, Str/Int -1)
                  | [hidden potential]
 36476 | Vaults:4 | Identified the +1 leather armour of Birdsong {Harm Str+3
                  | Dex+3 SInv}
 36632 | Vaults:4 | Noticed Bai Suzhen
 36643 | Vaults:4 | Killed Bai Suzhen
 36643 | Vaults:4 | Noticed Donald
 36653 | Vaults:4 | Killed Donald
 37090 | Vaults:4 | Found a runed translucent gate.
 37091 | Vaults:4 | Found a runed translucent gate.
 37105 | Vaults:4 | Noticed Ciotsan's ghost (adept FeIE)
 37106 | Vaults:4 | Found a runed translucent gate.
 37114 | Vaults:4 | Lost mutation: You are agile. (Dex +4, Str/Int -1) [Jiyva's
                  | grace]
 37114 | Vaults:4 | Lost mutation: Your flesh is heat resistant. (rF+) [Jiyva's
                  | grace]
 37114 | Vaults:4 | Gained mutation: You have supernaturally acute eyesight.
                  | (SInv) [Jiyva's grace]
 37114 | Vaults:4 | Lost mutation: Your translucent skin slightly reduces your
                  | foes' accuracy. (Stealth+) [Jiyva's grace]
 37114 | Vaults:4 | Gained mutation: Your skin changes colour to match your
                  | surroundings (Stealth+). [Jiyva's grace]
 37114 | Vaults:4 | Gained mutation: Your skin blends seamlessly with your
                  | surroundings (Stealth++). [Jiyva's grace]
 37114 | Vaults:4 | Gained mutation: Your skin perfectly mimics your
                  | surroundings (Stealth+++). [Jiyva's grace]
 37326 | Vaults:4 | Noticed Qotsoore's ghost (adept DsFi)
 37394 | Vaults:4 | Killed Ciotsan's ghost
 37404 | Vaults:4 | Killed Qotsoore's ghost
 37477 | Vaults:4 | Identified the ring "Funae" {Drain Fly rC++ Will+ Str-5
                  | Dex+8}
 37557 | Vaults:5 | Entered Level 5 of the Vaults
 37563 | Vaults:5 | Reached skill level 22 in Spellcasting
 37794 | Vaults:5 | HP: 2/172 [tengu reaver/bolt of poison (30)]
 37849 | Vaults:5 | Noticed an ancient lich
 38095 | Crypt:1  | Entered Level 1 of the Crypt
 38149 | Crypt:1  | Found a magical portal.
 38158 | WizLab   | Entered Maxwell's Workshop
 38171 | WizLab   | Reached XP level 23. HP: 180/180 MP: 39/50
 38291 | WizLab   | Identified the ring "Haateyra" {Fire Fly Str-4 Stlth+}
 38294 | WizLab   | Identified the ring of the Curupira {Fire Str+3 Int+3}
 38296 | WizLab   | Identified the ring of Fopyisiw {Fire Str+3 Dex+6}
 38298 | WizLab   | Identified the ring of Haet {Fire rCorr Str+2 Int+3}
 38538 | WizLab   | Gained mutation: Your natural rate of healing is unusually
                  | fast. [hidden potential]
 38538 | WizLab   | Lost mutation: You have hidden genetic potential. [hidden
                  | potential expressed]
 38634 | WizLab   | Identified the ring of the Several Tales {Fire +Blink rCorr
                  | Slay+3 Stlth+}
 38688 | WizLab   | Identified the +8 dagger of Corpus Delicti {freeze, rElec
                  | Will- Int+5 Stlth+}
 38698 | WizLab   | Reached skill level 23 in Spellcasting
 38730 | WizLab   | Identified the +3 broad axe of Xucogaalau {heavy, *Rage rF+
                  | Will+}
 38956 | Crypt:1  | Noticed Sojobo
 38962 | Crypt:1  | Killed Sojobo
 39026 | Crypt:1  | Found a transporter.
 39038 | Crypt:1  | Noticed Gith's ghost (veteran MeFi)
 39087 | Crypt:1  | Found a transporter.
 39380 | Crypt:1  | Acquired a staff of air
 39827 | Crypt:2  | Noticed an ancient lich
 39956 | Crypt:2  | Killed an ancient lich
 40170 | Crypt:2  | Reached skill level 24 in Spellcasting
 40343 | Crypt:2  | Identified the +6 mace of Obiter Dictum {flame, Dex+4
                  | Stlth+}
 40413 | Crypt:2  | Lost mutation: Your skin perfectly mimics your surroundings
                  | (Stealth+++). [Jiyva's grace]
 40413 | Crypt:2  | Lost mutation: You have supernaturally acute eyesight.
                  | (SInv) [Jiyva's grace]
 40413 | Crypt:2  | Lost mutation: You possess an exceptional clarity of mind.
                  | [Jiyva's grace]
 40413 | Crypt:2  | Lost mutation: Your mind is acute. (Int +4, Str/Dex -1)
                  | [Jiyva's grace]
 40413 | Crypt:2  | Lost mutation: Your flesh is cold resistant. (rC+) [Jiyva's
                  | grace]
 40413 | Crypt:2  | Lost mutation: Your natural rate of healing is unusually
                  | fast. [Jiyva's grace]
 40413 | Crypt:2  | Lost mutation: You are extremely robust. (+30% HP) [Jiyva's
                  | grace]
 40413 | Crypt:2  | Gained mutation: Your skin perfectly mimics your
                  | surroundings (Stealth+++). [Jiyva's grace]
 40413 | Crypt:2  | Gained mutation: You have a small jelly attached to you
                  | that may absorb projectiles. [Jiyva's grace]
 40413 | Crypt:2  | Gained mutation: You are covered in fur. (AC +1) [Jiyva's
                  | grace]
 40413 | Crypt:2  | Gained mutation: You are covered in thick fur. (AC +2)
                  | [Jiyva's grace]
 40804 | Crypt:3  | Entered Level 3 of the Crypt
 41184 | Crypt:3  | Reached XP level 24. HP: 174/174 MP: 10/52
 41272 | Crypt:3  | Identified the +3 whip of Articulation {flame, *Rage rPois
                  | rCorr Dex+8}
 41559 | Crypt:3  | Found the amulet of the Four Winds {rN+ Will+++ Clar}
 41816 | Crypt:3  | Reached skill level 25 in Spellcasting
 42457 | Crypt:3  | Noticed Jory
 42468 | Crypt:3  | Killed Jory
 42841 | Crypt:3  | Found a staircase to the Tomb.
 43816 | Vaults:5 | Got a silver rune of Zot
 43866 | Vaults:5 | Reached skill level 26 in Spellcasting
 43962 | Vaults:5 | Identified the ring "Saamyalua" {+Blink Will+}
 43971 | Vaults:5 | Noticed a dread lich
 43982 | Vaults:5 | Was placed under penance by Jiyva
 44068 | Vaults:5 | Acquired the ring "Huv Qiaw" {rF+ rN+ MP+9 Dex+6}
 44188 | Vaults:5 | HP: 5/173 [stone giant/large rock (38)]
 44746 | Vaults:5 | Identified the ring of Lijuxaz {rPois rC+ Will+ Str+4}
 44892 | Vaults:5 | Was forgiven by Jiyva
 44977 | Vaults:5 | Identified the +8 halberd "Namucw" {drain, rElec rC+ Int-5
                  | Dex+3}
 45079 | Vaults:5 | Got an engraved book
 45138 | Vaults:5 | Noticed an ancient lich
 45164 | Vaults:5 | Killed an ancient lich
 45165 | Vaults:5 | Was placed under penance by Jiyva
 45623 | Vaults:5 | Was forgiven by Jiyva
 45803 | Vaults:5 | Killed an ancient lich
 45804 | Vaults:5 | Reached XP level 25. HP: 162/180 MP: 54/54
 45884 | Vaults:5 | Got a lithographed book
 45891 | Vaults:5 | Identified the +6 scale mail of Voheis {+Inv}
 45895 | Vaults:5 | Identified the +6 sling "Gouppof" {heavy, Fly rF+ Dex-3
                  | Stlth+}
 46172 | Depths:1 | Entered Level 1 of the Depths
 46316 | Depths:1 | Reached skill level 10 in Conjurations
 46364 | Depths:1 | Found Rageih's Book Emporium.
 46367 | Depths:1 | You are sucked into a shaft and drop 1 floor!
 46367 | Depths:2 | Found the amulet of Vitality {RegenMP++ Regen++}
 46593 | Depths:2 | Reached skill level 27 in Spellcasting
 46742 | Depths:2 | Identified the +3 dagger of the Hierophant {pain, MP+9
                  | Int-3 Dex+3}
 46760 | Depths:2 | Lost mutation: Armour fits poorly on your massive
                  | pseudopods. [Jiyva's grace]
 46760 | Depths:2 | Gained mutation: You are partially covered in large bone
                  | plates. (SH +4) [Jiyva's grace]
 46760 | Depths:2 | Gained mutation: You are mostly covered in large bone
                  | plates. (SH +6) [Jiyva's grace]
 46760 | Depths:2 | Gained mutation: You are completely covered in large bone
                  | plates. (SH +8) [Jiyva's grace]
 46760 | Depths:2 | Gained mutation: You have hidden genetic potential.
                  | [Jiyva's grace]
 46834 | Depths:2 | Found a bloodstained altar of Trog.
 47325 | Depths:2 | Found a gateway to Hell.
 47629 | Depths:2 | Found a one-way gate leading to the halls of Pandemonium.
 47862 | Depths:3 | Found a corrupted altar of Lugonu.
 47985 | Depths:3 | Reached skill level 15 in Fighting
 48755 | D:5      | Bought a book of Unlife for 540 gold pieces
 48762 | D:5      | Learned a level 6 spell: Death Channel
 48768 | D:5      | Learned a level 5 spell: Borgnjor's Vile Clutch
 49360 | Depths:1 | Bought a Necronomicon for 1080 gold pieces
 49392 | Depths:1 | Found a glowing silver altar of Zin.
 49551 | Depths:1 | Identified the +11 demon blade "Milocom" {elec, Str-4
                  | Dex+5}
 49587 | Hell     | Entered the Vestibule of Hell
 49587 | Hell     | Noticed Geryon
 49917 | Depths:3 | Lost mutation: You are completely covered in large bone
                  | plates. (SH +8) [Jiyva's grace]
 49917 | Depths:3 | Lost mutation: Your skin perfectly mimics your surroundings
                  | (Stealth+++). [Jiyva's grace]
 49917 | Depths:3 | Lost mutation: You are resistant to electric shocks.
                  | (rElec) [Jiyva's grace]
 49917 | Depths:3 | Lost mutation: You have a small jelly attached to you that
                  | may absorb projectiles. [Jiyva's grace]
 49917 | Depths:3 | Gained mutation: You have acidic saliva. [Jiyva's grace]
 49917 | Depths:3 | Gained mutation: You have great hidden genetic potential.
                  | [Jiyva's grace]
 49917 | Depths:3 | Lost mutation: Your skin blends seamlessly with your
                  | surroundings (Stealth++). [Jiyva's grace]
 49917 | Depths:3 | Lost mutation: Your skin changes colour to match your
                  | surroundings (Stealth+). [Jiyva's grace]
 49917 | Depths:3 | Gained mutation: Your translucent skin slightly reduces
                  | your foes' accuracy. (Stealth+) [Jiyva's grace]
 49917 | Depths:3 | Gained mutation: Your translucent skin reduces your foes'
                  | accuracy. (Stealth+) [Jiyva's grace]
 50025 | Depths:4 | Entered Level 4 of the Depths
 50027 | Depths:4 | Found an iron altar of Okawaru.
 50071 | Depths:4 | Noticed Boris
 50117 | Depths:4 | Killed Boris
 50366 | Depths:4 | Found a gate to the Realm of Zot.
 50495 | Depths:4 | Reached XP level 26. HP: 196/196 MP: 55/55
 50717 | Depths:4 | Found a one-way gateway to a ziggurat.
 51747 | Hell     | Killed Geryon
 51768 | Depths:3 | Gained mutation: You have a somewhat thin skeletal
                  | structure. (Dex +2, Stealth+) [hidden potential]
 52311 | Depths:1 | Fell from the grace of Jiyva
 52311 | Depths:1 | Became a worshipper of Zin the Law-Giver
 52311 | Depths:1 | Reached * piety under Zin
 52311 | Depths:1 | Reached ** piety under Zin
 52313 | Depths:1 | Was placed under penance by Zin
 52350 | Depths:1 | Donated 632 gold pieces to Zin
 52351 | Depths:1 | Donated 316 gold pieces to Zin
 52389 | Depths:1 | Was forgiven by Zin
 52446 | Depths:2 | Reached *** piety under Zin
 52978 | Crypt:1  | Noticed an ancient lich
 53004 | Crypt:1  | Killed an ancient lich
 55055 | Slime:2  | Found a viscous altar of Jiyva.
 55895 | Slime:5  | Entered Level 5 of the Pits of Slime
 55911 | Slime:5  | Got a slimy rune of Zot
 56055 | Slime:5  | Reached skill level 1 in Fire Magic
 56193 | Slime:5  | Learned a level 8 spell: Ignition
 56254 | Slime:5  | Reached **** piety under Zin
 56286 | Slime:5  | Identified the +8 sling of the Writhing Gods {drain,
                  | Fragile rCorr MP+9 Int+2}
 56756 | Slime:5  | Gained mutation: Your body sometimes deteriorates upon
                  | taking damage. [a shining eye]
 57068 | Slime:5  | Reached ***** piety under Zin
 57081 | Slime:5  | Identified the +3 short sword of the Hidden Vale {freeze,
                  | rF+}
 57091 | Slime:5  | Identified the +6 mace of Vuagot {spect, rC+ rCorr}
 57294 | Slime:5  | Identified the +0 dagger "Zaxtetaa" {freeze, rF+ Int-4
                  | Dex+2}
 57450 | Slime:5  | Noticed the Royal Jelly
 57456 | Slime:5  | Killed the Royal Jelly
 57457 | Slime:5  | Reached skill level 15 in Conjurations
 57720 | Slime:5  | Found a viscous altar of Jiyva.
 58297 | Crypt:1  | Learned a level 6 spell: Starburst
 58353 | Crypt:1  | Reached skill level 5 in Fire Magic
 58796 | Crypt:1  | Paralysed by a floating eye for 4 turns
 60854 | Hell     | Found a gateway to the decaying netherworld of Tartarus.
 60952 | Hell     | Found a gateway to the ashen valley of Gehenna.
 61113 | Hell     | Reached XP level 27. HP: 194/206 MP: 15/55
 61206 | Hell     | Lost mutation: Your translucent skin reduces your foes'
                  | accuracy. (Stealth+) [the all-consuming vengeance of Jiyva]
 61334 | Hell     | Found a gateway to the Iron City of Dis.
 61606 | Hell     | Found a gateway to the freezing wastes of Cocytus.
 61937 | Vaults:1 | Bought the +0 kite shield of the Turtledove {rC+ rCorr
                  | Str+4} for 487 gold pieces
 62409 | Hell     | Gained mutation: You are vulnerable to cold. (rC-) [the
                  | all-consuming vengeance of Jiyva]
 62409 | Hell     | Lost mutation: Your translucent skin slightly reduces your
                  | foes' accuracy. (Stealth+) [the all-consuming vengeance of
                  | Jiyva]
 62425 | Geh:1    | Entered Level 1 of Gehenna
 62434 | Geh:1    | Reached skill level 10 in Fire Magic
 62465 | Geh:1    | Reached skill level 1 in Staves
 63353 | Geh:2    | Lost mutation: Armour fits poorly on your large pseudopods.
                  | [the all-consuming vengeance of Jiyva]
 63762 | Zot:1    | Entered Level 1 of the Realm of Zot
 64167 | Zot:1    | Reached skill level 5 in Staves
 64500 | Zot:1    | Reached skill level 1 in Invocations
 65475 | Zot:1    | Reached ****** piety under Zin
 65948 | Depths:1 | Bought the Commentary on Cloudy Tephra for 640 gold pieces
 65954 | Depths:1 | Learned a level 5 spell: Arcjolt
 66745 | Hell     | Upgraded the game from 0.31-a0-845-g9abc20d24f to
                  | 0.31-a0-846-gb3bcc0d938
 66759 | Hell     | Learned a level 7 spell: Orb of Destruction
 67522 | Zot:2    | Lost mutation: Armour fits poorly on your pseudopods. [the
                  | all-consuming vengeance of Jiyva]
 68390 | Zot:2    | Reached skill level 15 in Fire Magic
 69282 | Zot:2    | Lost mutation: You have acidic saliva. [the all-consuming
                  | vengeance of Jiyva]
 69282 | Zot:2    | Was forgiven by Jiyva
 70176 | Zot:4    | Noticed an orb of fire
 70427 | Zot:4    | Noticed Grunn
 70447 | Zot:4    | Killed Grunn
 71740 | Tomb:1   | Entered Level 1 of the Tomb of the Ancients
 72134 | Tomb:1   | Noticed a royal mummy
 72143 | Tomb:1   | Killed a royal mummy
 72881 | Tomb:1   | Noticed a royal mummy
 72887 | Tomb:1   | Killed a royal mummy
 72915 | Tomb:1   | Noticed a royal mummy
 72915 | Tomb:1   | Noticed a royal mummy
 72915 | Tomb:1   | Noticed a royal mummy
 72915 | Tomb:1   | Noticed a royal mummy
 72915 | Tomb:1   | Noticed a royal mummy
 72915 | Tomb:1   | Noticed a royal mummy
 73079 | Tomb:1   | Noticed a royal mummy
 73084 | Tomb:1   | Killed a royal mummy
 74497 | Depths:1 | Voluntarily entered the Abyss.
 74947 | Abyss:1  | Found a corrupted altar of Lugonu.
 75205 | Abyss:1  | Found a corrupted altar of Lugonu.
 75433 | Abyss:1  | Found a corrupted altar of Lugonu.
 75844 | Abyss:3  | Found a corrupted altar of Lugonu.
 75964 | Abyss:4  | Got an abyssal rune of Zot
 76063 | Depths:1 | Escaped the Abyss
 76703 | Shoals:4 | Paralysed by an air elemental for 1 turns
 76998 | Shoals:4 | Paralysed by an air elemental for 1 turns
 77155 | Shoals:4 | Found a blossoming altar of Fedhas.
 77399 | Shoals:2 | Killed RandomKimchi's ghost
 77834 | Shoals:1 | Killed Mlioglotl
 78750 | Zot:3    | Noticed an orb of fire
 79153 | Zot:3    | Identified the +4 ring mail "Pabeilin" {Will+}
 79808 | Zot:3    | Identified the +1 scimitar "Yneov" {pain, rF- Int+3 Dex+3
                  | Stlth+}
 80425 | Zot:3    | Killed an orb of fire
 81799 | Zot:4    | Found a transporter.
 81803 | Zot:4    | Identified the ring "Fuffe" {rC+ Will+ rCorr Str-3 Dex+4}
 81818 | Zot:4    | Found a transporter.
 82270 | Zot:4    | Reached skill level 15 in Dodging
 83021 | Zot:5    | Entered Level 5 of the Realm of Zot
 83035 | Zot:5    | Noticed an orb of fire
 83038 | Zot:5    | Noticed an ancient lich
 83233 | Tar:1    | Entered Level 1 of Tartarus
 84823 | Tar:2    | Noticed a dread lich
 84826 | Tar:2    | Killed a dread lich
 85279 | Hell     | Upgraded the game from 0.31-a0-846-gb3bcc0d938 to
                  | 0.31-a0-848-gaac375c287
 88762 | Geh:7    | Entered Level 7 of Gehenna
 89460 | Tomb:2   | Noticed a royal mummy
 89462 | Tomb:2   | Noticed a royal mummy
 89464 | Tomb:2   | Noticed a royal mummy
 89468 | Tomb:2   | HP: 3/208 [death scarab[a royal mummy] (19)]
 89468 | Tomb:2   | Noticed a royal mummy
 89471 | Tomb:2   | Killed a royal mummy
 89471 | Tomb:2   | Killed a royal mummy
 89471 | Tomb:2   | Zin protects you from harm!
 89471 | Tomb:2   | Zin protects you from harm!
 89476 | Tomb:2   | Killed a royal mummy
 89477 | Tomb:2   | Killed a royal mummy
 89477 | Tomb:2   | HP: 9/208 [bennu (6)]
 89533 | Tomb:2   | Noticed Boris
 89612 | Tomb:2   | Killed Boris
 90474 | Tomb:2   | Upgraded the game from 0.31-a0-848-gaac375c287 to
                  | 0.31-a0-851-g7ff8af7976
 90669 | Tomb:2   | Learned a level 5 spell: Fireball
 90670 | Tomb:1   | Noticed a royal mummy
 90671 | Tomb:1   | Noticed a royal mummy
 90671 | Tomb:1   | Noticed a royal mummy
 90673 | Tomb:1   | Noticed a royal mummy
 90673 | Tomb:1   | Noticed a royal mummy
 90674 | Tomb:1   | Noticed a royal mummy
 90675 | Tomb:1   | Killed a royal mummy
 90675 | Tomb:1   | Noticed a royal mummy
 90676 | Tomb:1   | Killed a royal mummy
 90677 | Tomb:1   | Noticed a royal mummy
 90677 | Tomb:1   | HP: 6/210 [royal mummy/divine providence (12)]
 90678 | Tomb:1   | Killed a royal mummy
 90678 | Tomb:1   | Killed a royal mummy
 90678 | Tomb:1   | Killed a royal mummy
 90678 | Tomb:1   | Killed a royal mummy
 90678 | Tomb:1   | Killed a royal mummy
 90678 | Tomb:1   | Killed by a royal mummy's death curse

Illustrated notes

Levels and vault maps discovered:
D:1:      matt_arrival_los_fun, layout_basic, serial_shops, shop, minmay_cupped
D:2:      layout_basic, basic_altar, chequers_serial_rivers_large_b,
          uniq_jessica, uniq_sigmund, uniq_natasha
D:3:      layout_rooms, lemuel_zombie_altar_yredelemnul, serial_corexii_hall,
          corexii_hall_statues_i, chequers_hall_statues_wall_a,
          corexii_hall_statues_x, cheibrodos_sewer_entry_drain, minmay_puff
D:4:      layout_cave_pools, nicolae_wu_jian_immortal_techniques,
          mainiacjoe_overflow_catwalk, minmay_temple_entry_sparse_star,
          uniq_robin, uniq_menkaure
D:5:      layout_basic, serial_shops, nicolae_shop_real_fake_doors,
          nicolae_shop_stone, nicolae_stop_n_shop_1, nicolae_shop_trees
D:6:      lemuel_ice_spiral_2, layout_basic
D:7:      layout_rooms, grunt_dithmenos_shadows,
          gammafunk_ghost_berserking_beasts, moated_statue, chequers_big_river
D:8:      layout_basic, minitemple, uniq_jeremiah
D:9:      layout_small_grid, mainiacjoe_overflow_tiny_flanked, lair_entry_dummy,
          minmay_orc_entry_temple_small
D:10:     layout_rooms, general_overflow_altar, marbit_many_paths,
          grunt_decor_mini_mirrors, uniq_gastronok, uniq_harold
D:11:     nzn_winding_woodlands_medium [nzn_winding_woodlands_5x5_cross,
          nzn_winding_woodlands_5x15_parted, nzn_winding_woodlands_hourglass,
          nzn_winding_woodlands_5x5_checkerboard,
          nzn_winding_woodlands_center_pierced_h,
          nzn_winding_woodlands_5x5_closed_star,
          nzn_winding_woodlands_5x5_three,
          nzn_winding_woodlands_5x15_lazy_stream,
          nzn_winding_woodlands_5x5_default], layout_loops_ring,
          serial_bayou_pond_c, minmay_nine_imps
D:12:     layout_cave_pools, lemuel_freeze_loot_1
D:13:     layout_cave_pools
D:14:     layout_gridville, skrybe_vaults_entry_preservation,
          minmay_misc_feat_enclosed
D:15:     grunt_enter_depths_snipers, layout_basic, uniq_azrael
Lair:1:   layout_loops_ring, cheibrodos_lair_caveside_slide,
          infiniplex_staircase_pool_2, lemuel_fruit_fields
Lair:2:   layout_gridlike, forest_entry_grove
Lair:3:   layout_gridlike, minmay_shoals_entry_beasts,
          minmay_snake_entry_six_corridors, serial_rivers,
          chequers_serial_rivers_large_a, chequers_serial_rivers_micro_b,
          chequers_serial_rivers_micro_a, chequers_serial_rivers_room_b,
          chequers_serial_rivers_small_b
Lair:4:   layout_regular_city, minmay_lair_oklob_bushes,
          bobbens_dragon_lair_wall
Lair:5:   hellmonk_lair_end_abyssal_woods, layout_cave_pods, slime_entry_1,
          minmay_shattered_shrine
Shoals:1: layout_shoals, lemuel_altar_in_water, nicolae_shoals_water_shrine,
          uniq_mlioglotl
Shoals:2: cheibrodos_shoals_oceanic_diplomacy, layout_shoals,
          ebering_ghost_davey_jones, uniq_frances
Shoals:3: cheibrodos_shoals_satyrical_garden, layout_shoals, serial_shops, shop
Shoals:4: shoals_end_hellmonk_storm_palace [storm_palace_center_ruins,
          storm_palace_corner_altar, storm_palace_corner_grid,
          storm_palace_corner_reverse_hut, storm_palace_corner_altar],
          serial_shops, uniq_kirke
Snake:1:  layout_misc_corridors, minmay_shop_grove
Snake:2:  layout_gridlike, serial_shops, nicolae_shop_bloodbath_and_beyond,
          uniq_roxanne, uniq_vashnia, uniq_aizul
Snake:3:  layout_rooms, nicolae_shop_i_like_small_books_too, minmay_shop_star
Snake:4:  grunt_snake_rune_spirals, layout_onion, basic_altar
Slime:1:  layout_caves, cheibrodos_slime_lost_civilization_4
Slime:2:  layout_caves, basic_altar
Slime:3:  layout_caves
Slime:4:  layout_caves
Slime:5:  slime_pit_nicolae_inversion
Orc:1:    layout_caves, mines4_lemuel, uniq_erolcha
Orc:2:    st_orc_mages, layout_caves, nicolae_orc_crystal_geode, uniq_snorg
Elf:1:    minmay_elf_arrival_plus, layout_geoelf_diagonals,
          portal_desolation_entry_twin_temple, hangedman_elf_disciples
Elf:2:    nicolae_elf_blades_splatter_lattice
          [nicolae_blade_entry_sentries_behind_glass], layout_rooms
Elf:3:    grunt_elf_hall_diamonds, layout_geoelf_castle
Vaults:1: nicolae_vaults_asterisk, nicolae_vaults_an_arrangement,
          nicolae_vaults_surprise_closet, nicolae_vaults_tetromino_L_1,
          dpeg_vaults_monster_box, layout_vaults_omnigrid, serial_shops, shop
Vaults:2: hangedman_vaults_trim, ontoclasm_vaults_hangar,
          vaults_room_large_hall, hangedman_vaults_restitches, v_misc_19,
          vaults_mumra_minichess_inversion, nicolae_vaults_rhombus_5,
          ontoclasm_vaults_eye, minmay_crypt_entry_simple_box,
          nicolae_vaults_windows_and_doors_thing, hangedman_vaults_snaps,
          nicolae_vaults_trapezoid_3, vaults_room_hallway,
          nicolae_vaults_apartment_1, vaults_dpeg_hooks,
          nicolae_vaults_trapezoid_1, nicolae_vaults_angled_halls,
          layout_vaults_ring, serial_shops, nicolae_shop_waterfront, uniq_zenata
Vaults:3: hangedman_vaults_nodes, grunt_vaults_swirl, vaults_mumra_chevron,
          nicolae_vaults_little_squares_1, nicolae_vaults_security_offices_1,
          nicolae_vaults_yaktaur_gun_rack, nicolae_vaults_border_crossing,
          hangedman_vaults_locks, nicolae_vaults_theta, v_alt_pattern_6,
          ontoclasm_vaults_ring_square, grunt_vaults_hallway_long,
          nicolae_vaults_house_2, nicolae_vaults_shelves_hall,
          layout_vaults_omnicross, serial_shops, shop, uniq_margery, uniq_norris
Vaults:4: gammafunk_ghost_cemetery, nicolae_vaults_offset_grid_hallway_1,
          nicolae_vaults_whirlpool_walls, v_pattern_2, vaults_dpeg_encased_lava,
          vaults_standard_mumra_enter_the_diamond,
          nicolae_vaults_offset_grid_hallway_4, vaults_mumra_hex,
          nicolae_vaults_wine_cellar, nicolae_vaults_octothorpe,
          vaults_room_grid, nicolae_vaults_more_shelving_1,
          hangedman_vaults_impose, v_misc_2, layout_vaults_maze,
          uniq_bai_suzhen, uniq_donald
Vaults:5: serial_shops
Crypt:1:  layout_rooms, mu_enter_wizlab_6, gammafunk_ghost_abyssal_escape,
          nicolae_crypt_ancient_font, minmay_strange_pillars,
          grunt_crypt_arrival_split, uniq_sojobo
Crypt:2:  grunt_deathspiral_small, layout_misc_corridors
Crypt:3:  due_elkab, layout_chaotic_city
Tomb:1
Tomb:2
Depths:1: layout_roguey, abyss_entry, minmay_misc_feat_tiny, serial_shops,
          shop_fountains, hellmouth_1, hangedman_decor_points, minivault_15,
          grunt_decor_clamped, zin_academy
Depths:2: minmay_the_grid_square_5x5_4x4 [minmay_the_grid_square_5x5_shrine1,
          minmay_the_grid_square_5x5_spiral, minmay_the_grid_square_5x5_n,
          minmay_the_grid_square_5x5_moneybag,
          minmay_the_grid_square_5x5_three_small,
          minmay_the_grid_square_5x5_prize_gold,
          minmay_the_grid_square_5x5_prize_monsterx,
          minmay_the_grid_square_5x5_tetrominoes,
          minmay_the_grid_square_5x5_two_small,
          minmay_the_grid_square_5x5_prize_waves,
          minmay_the_grid_square_5x5_prize_rear_guard,
          minmay_the_grid_square_5x5_two_walls_b,
          minmay_the_grid_square_5x5_two,
          minmay_the_grid_square_5x5_beaten_path,
          minmay_the_grid_square_5x5_two_walls_a,
          minmay_the_grid_square_5x5_longway], layout_gridlike,
          infiniplex_staircase_pillars_3a, grunt_pan_entry_sceptre, hell_entry
Depths:3: kennysheep_ogre_elephant_herders, layout_basic, hangedman_geh_valley,
          nicolae_twisting_strands, abyss_entry_flame_altar,
          minmay_staircase_bubble, serial_bayou_shore_b
Depths:4: grunt_twist_and_shout, layout_basic, enter_ziggurat_d,
          rand_demon_pan_entry_5, pf_hell_entry_tar_river,
          okawaru_ov_weapons_minmay, uniq_boris
Hell
Geh:1:    layout_gehenna_pools_basic
Geh:2:    layout_gehenna_pools_box
Geh:3:    layout_gehenna_pools_basic
Geh:4:    nicolae_geh_gridlava [nicolae_sub_geh_gridintersect,
          nicolae_sub_geh_gridintersect, nicolae_sub_geh_gridintersect,
          nicolae_sub_geh_gridintersect], layout_gehenna_pools_box
Geh:5:    layout_gehenna_pools_basic
Geh:6:    layout_gehenna_pools_basic
Geh:7:    evilmike_geh
Tar:1:    layout_grid_maze
Tar:2:    layout_honeycomb
Tar:3:    layout_grid_maze
Zot:1:    layout_gridlike, st_stairs_10, grunt_ministairs_13,
          st_small_dragon_hoard_2
Zot:2:    lemuel_acid_trip, layout_concentric_octagons
Zot:3:    layout_onion_interference, lemuel_elevator, grunt_megastairs_1
Zot:4:    gammafunk_the_bubble [the_bubble_gammafunk_plus_minus],
          layout_concentric_octagons, grunt_ministairs_13, zot_minivault_1,
          uniq_grunn
Zot:5:    layout_gridville, uniq_tiamat

Skill      XL: |  1  2  3  4  5  6  7  8  9 10 11 12 13 14 15 16 17 18 19 20 21 22 23 24 25 26 27 |
---------------+----------------------------------------------------------------------------------+-----
Spellcasting   | 3 4 6 7 8 10 12 13 15 16 18 19 20 21 22 24 26 27 | 27.0
Transmutations | 1 |  1.4
Poison Magic   | 4 |  4.3
Polearms       | 1 3 6 8 10 12 14 15 16 17 18 19 | 19.1
Dodging        | 3 4 5 7 8 10 12 13 16 | 16.1
Fighting       | 1 2 3 4 5 7 8 10 11 12 13 16 17 18 | 18.4
Shields        | 1 3 4 10 | 10.0
Air Magic      | 3 9 12 15 17 19 | 19.0
Armour         | 3 6 11 17 19 | 19.3
Conjurations   | 1 3 4 5 7 8 9 11 15 | 15.6
Fire Magic     | 8 22 | 22.9
Staves         | 6 |  6.4
Invocations    | 4 |  4.1
Maces & Flails | |  0.6
Stealth        | |  2.7
Unarmed Combat | |  0.1
Evocations     | |  0.2

Action                     |  1- 3 |  4- 6 |  7- 9 | 10-12 | 13-15 | 16-18 | 19-21 | 22-24 | 25-27 || total
---------------------------+-------+-------+-------+-------+-------+-------+-------+-------+-------++-------
  Melee: Unarmed           |     5 |     3 |       |       |       |       |       |       |     1 ||     9
         Mace              |     1 |       |       |       |       |       |       |       |       ||     1
         Halberd           |       |    10 |     7 |   205 |       |    24 |       |       |       ||   246
         Spear             |       |    89 |   241 |       |    90 |   554 |  1017 |   401 |   460 ||  2852
         Peck              |       |    20 |    38 |    81 |   262 |   147 |   290 |   335 |  1338 ||  2511
         Kick              |       |    18 |    65 |   110 |   427 |   208 |   426 |   528 |  2092 ||  3874
         Punch             |       |       |     2 |       |       |       |       |       |       ||     2
         Trident           |       |       |       |   179 |  1055 |       |       |       |   547 ||  1781
         Pseudopods        |       |       |       |       |       |       |    55 |   343 |   663 ||  1061
         Staff             |       |       |       |       |       |       |       |   230 |  1034 ||  1264
         Demon trident     |       |       |       |       |       |       |       |    72 |   689 ||   761
         Bite              |       |       |       |       |       |       |       |       |   321 ||   321
   Cast: Sting             |    16 |     1 |     3 |    10 |     3 |       |       |       |       ||    33
         Poisonous Vapours |     1 |    13 |    43 |    23 |    21 |     9 |     1 |       |       ||   111
         Olgreb's Toxic Ra |       |       |     6 |    30 |    79 |    67 |    49 |    34 |    39 ||   304
         Mephitic Cloud    |       |       |     1 |     2 |    19 |    30 |     7 |     6 |     6 ||    71
         Airstrike         |       |       |       |       |   156 |   380 |   349 |   212 |   479 ||  1576
         Blink             |       |       |       |       |     2 |    13 |    20 |    12 |    48 ||    95
         Conjure Ball Ligh |       |       |       |       |       |    30 |     9 |    80 |    65 ||   184
         Ignite Poison     |       |       |       |       |       |    30 |    31 |    13 |     8 ||    82
         Freezing Cloud    |       |       |       |       |       |     1 |   105 |    40 |   167 ||   313
         Plasma Beam       |       |       |       |       |       |       |    29 |   264 |   327 ||   620
         Silence           |       |       |       |       |       |       |       |     1 |     3 ||     4
         Starburst         |       |       |       |       |       |       |       |       |    25 ||    25
         Ignition          |       |       |       |       |       |       |       |       |    68 ||    68
         Orb of Destructio |       |       |       |       |       |       |       |       |    60 ||    60
         Arcjolt           |       |       |       |       |       |       |       |       |    23 ||    23
 Invoke: Slimify           |       |       |       |     2 |       |       |       |       |       ||     2
         Donate Gold       |       |       |       |       |       |       |       |       |     2 ||     2
         Recite            |       |       |       |       |       |       |       |       |     7 ||     7
         Imprison          |       |       |       |       |       |       |       |       |     1 ||     1
  Evoke: Wand              |     2 |       |       |     7 |       |     1 |     2 |       |     3 ||    15
         Phial of floods   |       |       |       |       |     1 |       |       |       |       ||     1
    Use: Scroll            |       |     2 |     5 |    16 |     7 |    12 |     7 |    21 |    26 ||    96
         Potion            |       |     1 |       |       |     2 |     7 |     8 |    10 |    19 ||    47
   Stab: Sleeping          |       |     8 |     5 |     4 |     8 |     3 |    12 |     3 |     2 ||    45
         Confused          |       |       |     4 |    13 |    25 |    21 |     7 |     4 |     1 ||    75
         Distracted        |       |       |       |     4 |     7 |     1 |     3 |     1 |    18 ||    34
         Paralysed         |       |       |       |     4 |       |       |       |       |       ||     4
         Invisible         |       |       |       |       |       |     4 |       |       |       ||     4
 Armour: Robe              |     3 |    25 |    70 |    89 |   146 |       |       |       |       ||   333
         Ring mail         |       |       |       |       |   102 |   351 |   392 |   113 |       ||   958
         Storm dragon scal |       |       |       |       |       |       |       |   494 |  1602 ||  2096
         Skin              |       |       |       |       |       |       |       |       |     6 ||     6
  Dodge: Dodged            |    14 |    72 |   169 |   236 |   696 |   524 |   510 |   418 |  1154 ||  3793
  Block: Orb               |       |       |       |    22 |   144 |    89 |    42 |       |       ||   297
         Reflection        |       |       |       |     2 |     7 |    13 |    61 |    43 |    55 ||   181
         Other             |       |       |       |       |       |     7 |       |       |       ||     7
         Kite shield       |       |       |       |       |       |       |   348 |   560 |  2208 ||  3116
Riposte: Spear             |       |       |       |       |       |    58 |   175 |    70 |   128 ||   431
         Halberd           |       |       |       |       |       |     9 |       |       |       ||     9
         Staff             |       |       |       |       |       |       |     1 |   142 |   346 ||   489
         Demon trident     |       |       |       |       |       |       |       |    13 |   246 ||   259
         Trident           |       |       |       |       |       |       |       |       |   158 ||   158

Table legend: (Time is in decaauts)
 A = Elapsed time spent in this place.
 B = Non-inter-level travel time spent in this place.
 C = Inter-level travel time spent in this place.
 D = Time resting spent in this place.
 E = Time spent auto-exploring this place.
 F = Levels seen in this place.
 G = Mean time per level.
                   A        B        C        D        E       F      G
               +--------+--------+--------+--------+--------+-----+--------+
         Total |  88411 |  75551 |  12860 |  10733 |  37516 |  76 | 1163.3 |
       Dungeon |  14677 |  10658 |   4019 |      4 |   7215 |  15 |  978.5 |
          Lair |   6432 |   5191 |   1241 |     72 |   3228 |   5 | 1286.4 |
        Shoals |   5025 |   4225 |    800 |     10 |   2342 |   4 | 1256.2 |
     Snake Pit |   4354 |   4153 |    201 |    165 |   2112 |   4 | 1088.5 |
    Slime Pits |   3420 |   3359 |     61 |   1092 |   1411 |   5 |  684.0 |
  Orcish Mines |   1318 |   1153 |    165 |      0 |    726 |   2 |  659.0 |
   Elven Halls |   3401 |   3224 |    177 |    199 |   1484 |   3 | 1133.7 |
        Vaults |   9900 |   8659 |   1241 |   1044 |   4102 |   5 | 1980.0 |
         Crypt |   6307 |   5280 |   1027 |    597 |   2062 |   3 | 2102.3 |
          Tomb |   3749 |   3480 |    269 |   1289 |   1058 |   2 | 1874.5 |
        Depths |   7829 |   5574 |   2255 |    617 |   2786 |   4 | 1957.2 |
          Hell |   2686 |   2532 |    154 |    620 |   1299 |   1 | 2686.0 |
       Gehenna |   4549 |   4274 |    275 |   1786 |   1500 |   7 |  649.9 |
      Tartarus |    852 |    753 |     99 |     93 |    475 |   3 |  284.0 |
           Zot |  10699 |   9827 |    872 |   2942 |   4907 |   5 | 2139.8 |
         Abyss |   2209 |   2209 |      0 |    201 |    632 |   5 |  441.8 |
         Sewer |    265 |    265 |      0 |      0 |     91 |   1 |  265.0 |
        Wizlab |    647 |    647 |      0 |      0 |     86 |   1 |  647.0 |
    Desolation |     84 |     84 |      0 |      0 |      0 |   1 |   84.0 |
               +--------+--------+--------+--------+--------+-----+--------+

Top non-repeatable levels by time:
   Zot:2: 3988 daAuts
Depths:1: 2982 daAuts
   Zot:1: 2793 daAuts
 Crypt:1: 2690 daAuts
    Hell: 2686 daAuts
  Tomb:1: 2590 daAuts
Vaults:5: 2578 daAuts
 Crypt:3: 2267 daAuts
Vaults:2: 2083 daAuts
Vaults:1: 2046 daAuts
 Abyss:1: 2003 daAuts
   Zot:4: 1981 daAuts
   Zot:3: 1914 daAuts
    D:14: 1911 daAuts
   Elf:3: 1792 daAuts
